Workbook

Sheet MAPA DE RIESGO 2024
F1: INSTITUTO DISTRITAL DE DEPORTE Y RECREACIÓN - IDER
F2: Proceso: | H2: Planeación Institucional
F3: Documento: | H3: Formato Mapa de Riesgo de Corrupción
F4: Fecha de Aprobación | H4: 44917
A5: Entidad: INSTITUTO DISTRITAL DE DEPORTE Y RECREACIÓN - IDER
A6: IDENTIFICACIÒN DE RIESGO | F6: VALORACIÒN DEL RIESGO DE CORRUPCCIÒN | P6: MONITOREO Y REVISIÒN
A7: No. | B7: PROCESO | C7: CAUSA | D7: RIESGO | E7: CONSECUENCIA | F7: ANALISIS DEL RIESGO | I7: VALORACIÒN DEL RIESGO | P7: FECHA | Q7: ACCIONES | R7: RESPONSABLE | S7: INDICADOR | T7: (ENERO-MARZO) | U7: (% AVANCE ENERO-MARZO) | V7: (ABRIL-JUNIO) | W7: (% AVANCE ENERO-JUNIO ) | X7: (JULIO-SEPTIEMBRE) | Y7: (% AVANCE ENERO-SEPTIEMBRE) | Z7: (OCTUBRE- DICIEMBRE) | AA7: (% AVANCE OCTUBRE-DICIMEBRE)
F8: RIESGO INHERENTE | I8: CONTROLES | J8: RIESGO RESIDUAL | M8: ACCIONES ASOCIADAS
F9: PROBABILIDAD | G9: IMPACTO | H9: ZONA DE RIESGO | J9: PROBABILIDAD | K9: IMPACTO | L9: ZONA DE RIESGO | M9: PERIODO DE EJECUCIÒN | N9: ACCIONES | O9: REGISTRO
A10: 1 | B10: Direccionamiento Estrategico | C10: Tergiversar la información, maquillaje de cifras y datos Rapidez en la entrega de la información No verificación en la entrega a los diferentes entes de control No se valida la información ni la calidad de esta | D10: Brindar información errónea | E10: Incumplimiento metas, objetivos, calidad, transparencia en la información y en los procesos del instituto | F10: Probable | G10: Mayor | H10: Alta | I10: Reportes trimestrales de acuerdo a la ley de transparencia. Publicación de la información en el portal web Divulgación de la gestión a través de la Rendición de Cuentas Entrega de información a los diferentes órganos de control validada y revisada por los líderes de procesos, por planeación, y diferentes áreas de apoyo a lo misional. Integralidad del MIPG con MECI Calidad | J10: Improbable | K10: Moderado | L10: Baja | M10: Trimestral | N10: Diseñar e implementar procedimientos para la revisión y verificación de la información de manera eficaz, a través de la integración entre MIPG con MECI Calidad.,Socialización de los procedimientos y acompañamiento a los líderes en la fase I de implementación. | O10: listados de asistencia, registro fotogràfico | P10: 28/04/2024-31/07/2024-31/10/2024-31/12/2024 | Q10: Realizar 4 socializaciones del Manual de Procesos y Procedimientos del Instituto | R10: Dirección | S10: 1. Número de socializaciones del Manual de Procesos y Procedimientos versiòn 2.0 Realizada / Total socializaciones del Manual de Procesos y Procedimientos versiòn 2.0 Programadas | T10: Se realizó capacitación de la pólítica de gestión de riesgos en las áreas asi como también se realizó la del Manual de Procesos y Procedimientos : Recreación, deportes y dirección administrativa y financiera. Se cuenta con registro de asistencia como evidencia de las acciones realizadas. | U10: 0.25 | V10: Se realizó capacitación de la pólítica de gestión de riesgos en las áreas asi como también se realizó la del Manual de Procesos y Procedimientos :Contabilidad, Presupuesto, Juridica y Espectaculos Publicos Se cuenta con registro de asistencia como evidencia de las acciones realizadas. | W10: =U10+25% -> 0.5 | X10: Se realizó por parte de la Oficina de Talento Humano la inducción a los nuevos funcionarios | Y10: =(W10+25%) -> 0.75 | Z10: Se realizó por parte de la Oficina de Talento Humano la inducción a los nuevos funcionarios | AA10: =(Y10+25%) -> 1
A12: 2 | B12: Direccionamiento Estrategico | C12: Falta de los procedimientos internos para la gestión documental y archivo. Definición de responsables y apoyos tecnológicos para la gestión documental y archivo. Personas a cargo de almacenar esta información sean cambiantes en el cargo y no esté definido un procedimiento de entrega al terminar la gestión. | D12: Daño o pérdida de la información | E12: Falta de soportes y evidencias para la toma de decisiones. Evidencias insuficientes de las acciones importantes adelantadas en todos los ámbitos de la gestión, recursos financieros, contratación. | F12: Posible | G12: Catastrofico | H12: Extremo | I12: Definición de los procedimientos, capacitaciones en gestión documental y archivo, auditorías de estos procesos. | J12: Improbable | K12: Catastrofico | L12: Alta | M12: Permanente | N12: Definir responsable de la gestión documental y archivo, así como el responsable del acompañamiento tecnológico,Diseñar e implementar procedimiento de gestión documental y archivo, incluyendo el proceso de entrega de la información,Socializar el procedimiento y los formatos definidos, y acompañar en la fase I de implementación de éstos., Realizar back-ups de manera periódica para asegurar el archivo. | O12: Lisatados de asistencia , registro fotogràfico, Formato Copias de Seguridad de las dependencias | P12: 28/04/2024-31/07/2024-31/10/2024-31/12/2024 | Q12: Realizar 4 socilizaciones del Procesos y Procedimientos de la Gestiòn Dcumental y sus formatos | R12: Dirección | S12: 1. Número de socializaciones de procedimiento y formatos de Gestiòn Dcumental / Total de procedimiento y formatos definidos en la Gestiòn Dcumental | T12: Se realizó capacitación de la pólítica de gestión de riesgos en las áreas asi como también se realizó la del Manual de Procesos y Procedimientos : Recreación, deportes y dirección administrativa y financiera. Se cuenta con registro de asistencia como evidencia de las acciones realizadas. De igual manera se realizó inducción a los nuevos funcionarios en materia de archivo y gestión documental | U12: 0.25 | V12: Se realizó capacitación de la Pólítica de Gestión del Riesgos en las áreas asi como también se realizó la del Manual de Procesos y Procedimientos :Contabilidad, Presupuesto, Juridica y Espectaculos Públicos Se cuenta con registro de asistencia como evidencia de las acciones realizadas. | W12: =U12+25% -> 0.5 | X12: Se realizó en el Complejo de Raquetas la capacitación por parte de la Oficina de archivo, | Y12: =(W12+25%) -> 0.75 | Z12: Se realizó en el Complejo de Raquetas la capacitación por parte de la Oficina de Archivo, | AA12: =(Y12+25%) -> 1
A16: 3 | B16: Direccionamiento Estrategico | C16: Temas políticos Mecanismos de validación ineficientes Falta de control en la toma de las decisiones | D16: Tráfico de influencias | E16: Sanciones diciplinarias Multas | F16: Posible | G16: Mayor | H16: Alta | I16: Excelente proceso de contratacion del personal Definición de comites asesores con responsabilidades y funciones específicas para la toma de decisiones | J16: Improbale | K16: Mayor | L16: Moderado | M16: Permanente | N16: Socialización constante del Código de integrdidad del IDER a los tomadores de decisiones,Manual de Funciones y Competencias Laborales del IDER | O16: Listados de asistencias, registro fotogràfico | P16: 28/04/2024-31/07/2024-31/10/2024-31/12/2024 | Q16: Realizar 6 socializaciònes del Còdigo de integridad (1 general y 5 con cada uno de los valores dirigidos a funcionarios y contratistas del IDER) | R16: Dirección | S16: 1. Número de socializaciones realizadas del Código de integridad del IDER / Total de socializaciones del Código de integridad del IDER Programadas. | T16: Se realizó capacitación de la pólítica de gestión de riesgos en las áreas asi como también se realizó la del Manual de Procesos y Procedimientos : Recreación, deportes y dirección administrativa y financiera. Se cuenta con registro de asistencia como evidencia de las acciones realizadas. De igual manera se realizo induccion a los nuevos funcionarios en donde se socializó el Código de Integridad. | U16: 0.17 | V16: Se realizó inducción a los nuevos funcionarios en donde se socializó el Código de Integridad. | W16: =U16+13% -> 0.3 | X16: Se realizó la Feria de Valores en la entidad donde se fortaleció el conocimiento del Código de integridad. Se realizaron actividades en las cuales participaron funcionarios y contratistas, la evidencia se encuentra en la página web del IDER: | Y16: =(W16+45%) -> 0.75 | Z16: Se realizó la Feria de Valores en la entidad donde se fortaleció el conocimiento del Código de Integridad. Se realizaron actividades en las cuales participaron funcionarios y contratistas, la evidencia se encuentra en la página web del IDER | AA16: 1
A18: 4 | B18: Planeación Institucional | C18: No se cumplen con las metas establecidas en la planificación para un periodo. | D18: Posibilidad de Recibir dinero o dádiva para alterar la información que se reporta, cambiando los resultados de la gestión, con el fin de beneficiar los resultados obtenidos a nombre propio o de tercero. | E18: Hallazgos de los entes de Control. Desinformación de los usuarios. Inconsistencias en los informes presentados. | F18: Posible | G18: Mayor | H18: Alta | I18: Realizar la verificación de la información enviada por los funcionarios que desarrollan los programas y proyectos y la información socializada en la Rendición de Cuentas. | J18: Improbable | K18: Mayor | L18: Moderado | M18: Permanente | N18: Coherencia entre los reportes de Seguimiento al Plan de Acción con la Rendición de Cuenta. | O18: Formato de seguimiento de Plan de Acción , Informe de Gestión | P18: 28/04/2024-31/07/2024-31/10/2024-31/12/2024 | Q18: Realizar 12 seguimiento del Plan de Acciòn asì como 4 Informes de Gestiòn | R18: Oficina Asesora de Planeación | S18: 1. Número de informes realizados / Total de informes programados | T18: La Oficina Asesora de Planeación, realiza seguimiento mensual a las metas del plan de acción del instituto y realiza informe trimestral de este. Como evidencia de esta acción se encuentran publicados los seguimientos trimestrales al plan de acción en la pagina del instituto en la pestaña correspondiente a transparencia- planeación | U18: 0.25 | V18: La Oficina Asesora de Planeación, realiza seguimiento mensual a las metas del plan de acción del instituto y realizá informe trimestral de este. Como evidencia de esta acción se encuentran publicados los seguimientos trimestrales del plan de acción en la página web del instituto en la pestaña correspondiente a Transparencia- Planeación | W18: =U18+25% -> 0.5 | X18: La Oficina Asesora de Planeación, realiza seguimiento mensual a las metas del plan de acción del instituto y realizá informe trimestral de este. Como evidencia de esta acción se encuentran publicados los seguimientos trimestrales del plan de acción en la página web del instituto en la pestaña correspondiente a Transparencia- Planeación . | Y18: =(W18+25%) -> 0.75 | Z18: Se realizó la Feria de Valores en la entidad donde se fortaleció el conocimiento del Código de Integridad. Se realizaron actividades en las cuales participaron funcionarios y contratistas, la evidencia se encuentra en la página web del IDER | AA18: =(Y18+25%) -> 1
A19: 5 | B19: Gestión de las comunicaciones | C19: Falta de coordinación con las áreas que suministran la información. Entrega demorada u ocultamiento de información relacionada con temas misionales y de interés público. Ausencia de mecanismos de control de revisión, por parte del líder del proceso. Errores en la entrega de la información por parte de la fuente y falta de verificación de la información. Desconocimiento del proceso de comunicación por parte de los servidores públicos y contratistas de la Entidad. | D19: Información errada suministrada al interior de la entidad y a los medios de comunicación | E19: Afectar la imagen y/o reputación del instituto. Observaciones y/o hallazgos en las auditorías internas. Desinformación a la ciudadanía. Posibles investigaciones y/o sanciones por entes de control y entidades competentes. | F19: Posible | G19: Mayor | H19: Alta | I19: Obtención de la información de la Oficina Asesora de Planeación. Reuniones para coordinar las rutas a seguir en cuanto a la publicación de la información.Revisión de toda la información suministrada a la oficina de Comunicaciones para garantizar su correcta difusión. Realizar campañas sobre las herramientas existentes para garantizar una adecuada comunicación.Socializar los formatos para hacer los requerimientos del proceso de comunicaciones para lograr su articulación. | J19: Improbable | K19: Mayor | L19: Moderado | M19: Permanente | N19: Implementar los procedimientos al sistema de información.,Programar con los enlaces de cada área, las reuniones para revisar la información que se publica. Programar con los enlaces de cada área, una reunión y coordinar las actividades que realizan en el mes e informar los canales habilitados para hacer los requerimientos a la oficina de comunicaciones,Realizar un diágnostico sobre las herramientas existentes y conocer la percepción de los funcionarios sobre estas. | O19: Acta de reuniòn, listados de asistencias de los enlaces con las diferentes dependencias del IDER , diagnòsticos | P19: 28/04/2024-31/07/2024-31/10/2024-31/12/2024 | Q19: Realizar 4 mesas de trabajo con los enlaces de cada depemdencia del IDER | R19: Oficina de Comunicaciones y Prensa | S19: 1. Número de mesas de trabajo desarrolladas / Número total de mesas de trabajo programadas | T19: Estas reuniones se realizarán a partir del segundo trimestre de 2024 | U19: 0 | V19: Estas reuniones se realizarán a partir del segundo semestre de 2024 | W19: =U19+0% -> 0 | X19: Se realizaron reuniones con la Dirección Operativa que tiene a cargo las areas de recreación y Deportes, además de reuniones que se realizaron con la Dirección General sobre las diferentes actividades que desarrollamos en los programas de inversión y apoyo a las actividades de la Alcaldia Mayor de Cartagena de Indias. | Y19: =(W19+60%) -> 0.6 | Z19: Se realizaron reuniones con la Dirección Operativa, que tiene a cargo las áreas de recreación y Deportes, además de reuniones que se realizaron con la Dirección General sobre las diferentes actividades que desarrollamos en los programas de inversión y apoyo a las actividades de la Alcaldia Mayor de Cartagena de Indias. así como también se desarrollaron acompañamientos a las actividades de la Oficina de Infraestructura en los escenarios deportivos y recreativos y demás acciones del programa Fortalecimiento de la red de Infraestructura del Distrito de Cartagena de Indias. | AA19: =(Y19+40%) -> 1
A22: 6 | B22: Gestión de las comunicaciones | C22: La información suministrada por las áreas se entrega extemporáneamente. Falta de comunicación entre los procesos interesados en comunicar información. Ausencia de idoneidad del personal que desarrolla las actividades No utilizar los canales de comunicación adecuados de acuerdo al tipo de información. Falta de equipos y software adecuados para la ejecución de las actividades de comunicaciones. Criterios no compartidos por parte de los actores del proceso para la ejecución de las actividades | D22: No comunicar oportunamente los eventos o actividades que realice el Instituto a través de los diferentes canales de comunicación | E22: Afectar la imagen y/o reputación del instituto. Observaciones y/o hallazgos en las auditorías internas. Desinformación a la ciudadanía. Posibles investigaciones y/o sanciones por entes de control y entidades competentes. Desinformación a la ciudadanía respecto a la información de sus trámites y servicios. Demora en las respuestas de los requerimientos asignados a las dependencias. Información tardía y desactualizada a la ciudadanía. | F22: Posible | G22: Moderado | H22: Moderado | I22: Informar los tiempos de respuesta para cada solicitud que realicen a la oficina de comunicaciones. Establecer un cronograma de entrega de información por parte de las áreas pertinentes a la dependencia de comunicaciones para generar los productos requeridos. Socializar los requerimientos del proceso de comunicaciones para lograr su articulación. . | J22: Improbable | K22: Moderado | L22: Baja | M22: Permanente | N22: Implementar los procesos y procedimientos de la Oficina de Comunicaciones, Programar con los enlaces de cada área, una reunión y coordinar las actividades que realizan en el mes e informar los canales habilitados para hacer los requerimientos a la oficina de comunicaciones. | O22: Acta de reuniòn, listados de asistencias de los enlaces con las diferentes dependencias del IDER | P22: 28/04/2024-31/07/2024-31/10/2024-31/12/2024 | Q22: Realizar 4 mesas de trabajo con los enlaces de cada depeNdencia del IDER | R22: Oficina de Comunicaciones y Prensa | S22: 1. Número de mesas de trabajo desarrolladas / Número total de mesas de trabajo programadas | T22: Estas reuniones se realizarán a partir del segundo trimestre de 2024 | U22: 0 | V22: Estas reuniones se realizarán a partir del segundo semestre de 2024 | W22: =U22+0% -> 0 | X22: Se realizaron reuniones con la Dirección Operativa que tiene a cargo las areas de recreación y Deportes, además de reuniones que se realizaron con la Dirección General sobre las diferentes actividades que desarrollamos en los programas de inversión y apoyo a las actividades de la Alcaldia Mayor de Cartagena de Indias. | Y22: =(W22+60%) -> 0.6 | Z22: Se realizaron reuniones con la Dirección Operativa, que tiene a cargo las áreas de recreación y Deportes, además de reuniones que se realizaron con la Dirección General sobre las diferentes actividades que desarrollamos en los programas de inversión y apoyo a las actividades de la Alcaldia Mayor de Cartagena de Indias. así como también se desarrollaron acompañamientos a las actividades de la Oficina de Infraestructura en los escenarios deportivos y recreativos y demás acciones del programa Fortalecimiento de la red de Infraestructura del Distrito de Cartagena de Indias. | AA22: =(Y22+40%) -> 1
A24: 7 | B24: Gestión de las comunicaciones | C24: Falta de continuidad en el ejercicio por cambio de administración. Ausencia de canales efectivos de comunicación con la ciudadanía y al interior de la entidad. Falta de control de los lineamientos establecidos en el manual de comunicaciones a los procesos que están relacionados directamente. Incumplimiento de los objetivos establecidos en el manual de comunicaciones por falta de idoneidad del personal a cargo o por rotación del personal. No incluir la totalidad de los temas de impacto en el plan de comunicaciones. | D24: Incumplimiento a los lineamientos establecidos en el manual de comunicaciones | E24: Observaciones y/o hallazgos en las auditorías internas. Incumplimiento en la implementación de los objetivos de comunicación dirigidos a los públicos internos y externos. Pérdida de credibilidad frente a los públicos internos y externos. Falta de integración en la ejecución y en la toma de decisiones de los procesos comunicativos. Respuesta inoportuna a las solicitudes y consultas de los ciudadanos. Incumplimiento de los objetivos del Manual de Comunicaciones y a las metas estratégicas de la entidad. Afectación a la Imagen y reputación de la entidad. | F24: Posible | G24: Mayor | H24: Alta | I24: Realizar el manual de comunicaciones de la entidad al interior del proceso y a los funcionarios que tenga competencia dentro de la entidad. Realizar el seguimiento para garantizar el cumplimiento de los objetivos establecidos en el manual de comunicaciones (Reuniones con las diferentes subdirecciones y al interior del proceso - Consejos de redacción). | J24: Improbable | K24: Mayor | L24: Alta | M24: Permanente | N24: Cápsulas informativas difundidas en los diferentes canales de comunicación de la entidad y programar reuniones con los enlaces de cada oficina. | O24: Informe de seguimiento del Plan Estratégico de Comunicaciónes, acta y listados de asistencias de los enlaces con las diferentes dependencias del IDER | P24: 28/04/2024-31/07/2024-31/10/2024-31/12/2024 | Q24: Realizar 3 infromes de segumiento al Plan Estrategico de Comunicaciones | R24: Oficina de Comunicaciones y Prensa | S24: 1. Número de informes de seguimiento del Plan Estratégico de Comunicaciones realizados / Número total de informes de seguimiento del Plan Estratégico de Comunicaciones requeridos. | T24: Se realizó informe de seguimiento, el cual se envía a la Oficina de Sistemas para su publicación en el link de transparencia y acceso a la información publica , los primeros días del mes de abril de 2024. | U24: 0 | V24: En el mes de abril fue publicado en la página web del IDER el informe de seguimiento del primer trimestre de 2024 y el informe de seguimiento del segundo trimestre de 2024 fue realizado y será publicado enlos primeros días del mes de julio de 2024 | W24: =U24+50% -> 0.5 | X24: En el mes de julio se público el infome del segundo trimestre y se elaboró el tercer trimestre para ser publicado antes de finalizar la vigencia año 2024. | Y24: =(W24+25%) -> 0.75 | Z24: Se elaboró el seguimiento del cuarto trimestre para ser publicado en el mes de enero de 2025. | AA24: =(Y24+25%) -> 1
A25: 8 | B25: Promoción y Fomento Deportivo | C25: Desconocimiento de los padres del proceso formativo que se sigue con sus hijos. Mecanismos insuficientes para la toma de decisiones. | D25: Trafico de influencias para la inscripcion de niños sin tener en cuenta los niveles de formación | E25: Incumplimiento de objetivos y metas. Pérdida de confianza y credibilidad en la entidad. Intervención de órganos de control. Sanciones. Pérdida de recursos económicos. | F25: Poco probable | G25: Moderado | H25: Baja | I25: Evaluaciones periodicas a los profesores . Capacitación en el proceso a los padres Seguimiento a los proceso | J25: Rara vez | K25: Moderado | L25: Baja | M25: Semestral | N25: Capacitación de los docentes, equipo sicosocial y administrativo de la EIFD,Selección de los niños de acuerdo a los niveles de formación que se tienen en la EIFD | O25: Llistados de asistencias, registro fotográfico | P25: 28/04/2024-31/07/2024-31/10/2024-31/12/2024 | Q25: Realizar 6 capacitaciones a los docentes, equipo sicosocial y administrativo de la EIFD | R25: Deportes | S25: 1. Número de capacitaciones realizadas a los docentes, equipo sicosocial y administrativo de la EIFD / Número total de capacitaciones Programadas para los docentes, equipo sicosocial y administrativo de la EIFD | T25: Para este primer trimestre se inicio con la contratación del equipo de trabajo de la EIFD. Se realizaron reuniones periódicas semanales y mensuales con el equipo Psicosocial, Administrativo y de docentes, para seguimentos y ajustes a los procesos de la EIFD en su primer trimestre. Para el mes de febrero se inicio el período de inscripción a los niveles de inciación, para este primer trimestre.. Se inicio con la apertura de algunos puntos de los núcleos de inciación y formación. | U25: 0.17 | V25: Para este segundo trimestre continuo con la etapa de inscripción a los núcleos de inciación y formación deportiva, el cual estuvo habilitado hasta elmes de junio. Se realizaron reuniones períodicas semanales y mensuales con el equipo Psicosocial, Administrativo y de docentes, para seguimentos y ajustes a los procesos de la EIFD en este segundo trimestre. Se continua con la atención en los núcleos de iniciación y formación deportiva. se encuentra con registro fotográfico. | W25: =U25+15% -> 0.32 | X25: Para este tercer trimestre, el Programa de Escuela de Iniciación y Formación Deportiva presenta un descenso en las cifras, metas y atención en los núcleos de cada nivel de formación; esto considerando la temática y proyección de contratación del personal. Se están estudiando estrategias que reactiven cada uno de estos núcleos y se dé la mayor participación de la población, logrando así superar las metas y garantizar el servicio. Se realizaron reuniones periodicas semanales y mensuales con el equipo de trabajo activos (con contratos vigentes) Psicosocial, Administrativo y de docentes, para seguimentos y ajustes a los procesos. Se da atención a los núcleos activos de iniciacion y formación deportiva. | Y25: 0.4 | Z25: Para este periodo se cierra el proyecto de Escuela de Iniciación y Formación Deportiva -EIFD con un total de 6.762 de nisños, niñas y adolescentes beneficiados. | AA25: =(Y25+60%) -> 1
A28: 9 | B28: Promoción y Fomento Deportivo | C28: Falta de acompañamiento en el proceso de inscripción Mecanismos y procedimientos insuficientes para la verificacion de los requisitos para inscripción | D28: Desconocimiento de los procesos de inscripción a los juegos intercolegiados | E28: Pérdida de confianza y credibilidad en la entidad. Intervención de órganos de control. | F28: Posible | G28: Moderado | H28: Moderado | I28: Verificación en la pagina web del Ministerio del Deporte Verificacion e informe de los inscritos dado por el Ministerio | J28: Rara vez | K28: Moderado | L28: Baja | M28: Mensual | N28: Socializaciones a las instituciones educativas, Acompañamiento a los procesos de inscripción a la instituciones educativas y estudiantes | O28: Llistados de asistencias, registro fotográfico | P28: 28/04/2024-31/07/2024-31/10/2024-31/12/2024 | Q28: Realizar 15 socializaciones a las instituciones educativas del Distrito de Cartagena de Indias | R28: Deportes | S28: 1. Número de socializaciones realizadas a las instituciones educativas del Distrito de Cartagena de Indias / Número Total de socializaciones programadass | T28: Para este primer trimestre, se inició con la contratación del equipo de trabajo del programa Deporte Estudiantil. Se dio inicio a la fase Departamental de los Juegos Intercolegiados vigencia 2023. Se tiene agendada la realización de la Fase Regional (3 / 10 abril en Cartagena) y Nacional Final (16 / 29 abril en Valledupar / Bogotá) de los juegos Intercolegiados vigencia 2023. Los juegos Intercolegiados vigencia 2024 aún no tienen cronograma para su fase distrital. | U28: 0 | V28: Para este segundo trimestre, se realizó la fase Regional y Nacional de los Juegos Intercolegiados vgencia 2023. Se inicia a la fase de inscripción de los Juegos Intercolegiados vigencia 2024. Se realizaron socializaciones e invitaciones a las instituciones educativas para la participación de los juegos. | W28: =U28+25% -> 0.25 | X28: Para este tercer trimestre, se dio inicio a la primera fase de los Juegos Intercolegiados 2024 con relacion al calendario emitido por MINDEPORTE, correspondiente a las competencias municipales, se inicio con la etapa de inscripción e invitacion a las instituciones edcuativas a participar en esta vigencia. Se organiza y realiza la Inaguración de los Juegos Intercolegiados vigencia 2024 en la etapa municipal, dando asi inicio a las competencias de los deportes en conjunto, proyectados hasta el 5 de octubre del 2024 y dar inicio a las competencias de los deportes invidiuales. | Y28: =(W28+40%) -> 0.65 | Z28: Se realizaron los Juegos Intercolegiados beneficiando aproximadamente a 7.166 estudiantes y se contó con la participación de 140 instituciones educativas distritbuidas entre 83 oficiales y 57 no oficiales. | AA28: =(Y28+35%) -> 1
A30: 10 | B30: Promoción y Fomento Deportivo | C30: Mecanismos y procedimientos insuficientes para la verificacion de los requisitos para inscripcion | D30: Omisión para la verificacion de la información que brindan los participantes | E30: Incumplimiento de objetivos y metas. Pérdida de confianza y credibilidad en la entidad. Intervención de órganos de control. Sanciones. Pérdida de recursos económicos. | F30: Probable | G30: Moderado | H30: Moderado | I30: Campañas de capacitación y socializacion de los referentes a las convocatorias | J30: Posible | K30: Moderado | L30: Moderado | M30: Semestral | N30: Socialización de los referentes y requisitos para particpar de las convocatorias | O30: Llistados de asistencias, registro fotográfico | P30: 28/04/2024-31/07/2024-31/10/2024-31/12/2024 | Q30: Realizar 3 socializaciones a los grupos de valor | R30: Deportes | S30: 1. Número de socializaciones realizadas a los grupos de valor / Número Total de socializaciones programadas a los grupos de valor. | T30: Para este período, se han publicado por medio de la página web los referetentes para la participación y acceso a los incentivos para los organismos depòrtivos. | U30: 0 | V30: Para este segundo trimestre, se realizaron varias reuniones con los representantes de Ligas y Clubes Deportivos, donde se socializaron los requisitos para el otorgamiento a los estimulos y/o apoyos. | W30: =U30+25% -> 0.25 | X30: Para este tercer trimestre, se realizó el proceso de adjudicación y entrega de los incentivos y estímulos a los organismos deportivos y deportistas asi mismo se continua con el apoyo a la realización de los eventos de carácter deportivos y recreativos en Cartagena de Indias , como capital del turimo deportivo. | Y30: =(W30+50%) -> 0.75 | Z30: En la vigencia 2024, se realizaron 61 actos administrativos de reconocimiento y estructuración a los organismos deportivos . Los apoyos entregados a través de los diferentes organimos deportivos han beneficiado aproximadamente a 11.445 personas. Se entregaron de enero a diciembre de 2024 diecisiete (17) estímulos a diferentes organismos deportivos Se entregaron diecinueve (19) estímulos a atletas de altos logros a través de resoluciones | AA30: =(Y30+25%) -> 1
A31: 11 | B31: Promoción y Fomento Deportivo | C31: Falta de conocimiento de los reglamento y estatutos | D31: Incumplimiento de los reglamentos y estatutos establecidos | E31: Incumplimiento de objetivos y metas. Pérdida de confianza y credibilidad en la entidad. Intervención de órganos de control. Sanciones. Pérdida de recursos económicos. | F31: Probable | G31: Moderado | H31: Moderado | I31: Campañas de capacitación y socializacion de los reglamento y estatutos referente a las convocatorias | J31: Posible | K31: Moderado | L31: Moderado | M31: Permanente | N31: Capacitación y socialización del reglamaneto y estatutos referentes de la convocatoria | O31: Listados de asistencia , registro fotográfico | P31: 28/04/2024-31/07/2024-31/10/2024-31/12/2024 | Q31: Realizar 3 socializaciones a los grupos de valor | R31: Deportes | S31: 1. Número de socializaciones realizadas a los grupos de valor / Número Total de socializaciones programadas a los grupos de valor. | T31: En la página web, se encuetran los requisitos establecios para los procesos e invitación. para organismos deportivos. | U31: 0 | V31: Para este segundo trimestre, se realizaron varias reuniones con los representantes de Ligas y Clubes Deportivos, donde se socializaron los requisitos para el otorgamiento a los estimulos y/o apoyos. | W31: =U31+25% -> 0.25 | X31: Para este tercer trimestre, se realizó el proceso de adjudicación y entrega de los incentivos y estímulos a los organismos deportivos y deportistas asi mismo se continua con el apoyo a la realización de los eventos de carácter deportivos y recreativos en Cartagena de Indias , como capital del turimo deportivo. | Y31: =(W31+50%) -> 0.75 | Z31: En la vigencia 2024, se realizaron 61 actos administrativos de reconocimiento y estructuración a los organismos deportivos . Los apoyos entregados a través de los diferentes organimos deportivos han beneficiado aproximadamente a 11.445 personas. Se entregaron de enero a diciembre de 2024 diecisiete (17) estímulos a diferentes organismos deportivos Se entregaron diecinueve (19) estímulos a atletas de altos logros a través de resoluciones | AA31: =(Y31+25%) -> 1
A32: 12 | B32: Promoción y Fomento Deportivo | C32: Mecanismos insuficientes para verificar los documentos Premura en la verificacion de los documentos | D32: Falsedad de los documentos presentados | E32: Incumplimiento de objetivos y metas. Pérdida de confianza y credibilidad en la entidad. Intervención de órganos de control. Sanciones. Pérdida de recursos económicos. | F32: Posible | G32: Moderado | H32: Moderado | I32: Verificar los procesos Contar con bases de datos de las ligas | J32: Rara vez | K32: Moderado | L32: Moderado | M32: Semestral | N32: Verificación y revisión de la documentación presentada | O32: Lista de chequeo de los documentos presentados | P32: 28/04/2024-31/07/2024-31/10/2024-31/12/2024 | Q32: Realizar diligencioamiento de la lista de chequeo para la revisiòn y verificaciòn de documentos | R32: Deportes | S32: 1. Número de inspecciones realizadas a través de lista de chequeo para la revisión y verificación de documentos / Número Total de Inspecciones programadas de revisión y verificación de documentos. | T32: Para este segundo trimestre se entegaron estimulos a los siguientes Organimso Deportivos: Liga de Baloncesto Nº Cov. CIAP 01, Liga Sorf Nº Cov. CIAP 02, Liga de Futbol Nº Cov. CIAP 03, Liga Tenis Nº Cov. CIAP 04, Liga de Atletismo Nº Cov. CIAP 05, Liga de VoleibolNº Cov. CIAP 07, Liga de Softbol Nº Cov. CIAP 08, Liga de FutsalaNº Cov. CIAP 09 y Liga de Karate-DO Nº Cov. 359. Se otorgo estimulo a Deportista del Club ASORBOL (Asociacion de Sordos de Bolivar) para la participacion del campeonato Ncional de Municios de Clubes Paralimpicos | U32: 0.25 | V32: Para este segundo trimestre, se entegaron estímulos a los siguientes Organimso Deportivos: Liga de Baloncesto Nº Cov. CIAP 01, Liga Sorf Nº Cov. CIAP 02, Liga de Futbol Nº Cov. CIAP 03, Liga Tenis Nº Cov. CIAP 04, Liga de Atletismo Nº Cov. CIAP 05, Liga de VoleibolNº Cov. CIAP 07, Liga de Softbol Nº Cov. CIAP 08, Liga de FutsalaNº Cov. CIAP 09 y Liga de Karate-DO Nº Cov. 359. Se otorgo estímulo a Deportista del Club ASORBOL (Asociación de Sordos de Bolívar) para la participación del Campeonato Nacional de Municipios de Clubes Paralimpicos. | W32: =U32+25% -> 0.5 | X32: A septiembre de 2024, se entregaron 17 incentivos y estiímulos a organismos deportivos asi como también se entregaron 14 incentivos y estímulos a deportistas , de acuerdo a las resoluciones que reposan en la Oficina Asesora Jurídica | Y32: =(W32+25%) -> 0.75 | Z32: En la vigencia 2024, se realizaron 61 actos administrativos de reconocimiento y estructuración a los organismos deportivos . Los apoyos entregados a través de los diferentes organimos deportivos han beneficiado aproximadamente a 11.445 personas. Se entregaron de enero a diciembre de 2024 diecisiete (17) estímulos a diferentes organismos deportivos Se entregaron diecinueve (19) estímulos a atletas de altos logros a través de resoluciones | AA32: =(Y32+25%) -> 1
A33: 13 | B33: Promoción y Fomento Deportivo | C33: Mecanimos insuficientes para verificar información suministrada | D33: Trafico de influencias para la decision de apoyo de un evento en particular | E33: Incumplimiento de objetivos y metas. Pérdida de confianza y credibilidad en la entidad. Intervención de órganos de control. Sanciones. Pérdida de recursos económicos. | F33: Posible | G33: Moderado | H33: Moderado | I33: Definir criterios de selección Verificacion con los organismos del deporte Crear procedimientos para la escogencia de eventos | J33: Improbable | K33: Moderado | L33: Baja | M33: Mensual | N33: Publicación y socialización de requisitos y referentes para la participación,publicaciòn de criterios de evaluación para organismos deportivos. | O33: Listados de asistencia , piezas comunicacionales, registro fotogràfico | P33: 28/04/2024-31/07/2024-31/10/2024-31/12/2024 | Q33: Realizar 3 publicaciones de criterios de evaluaciòn para los organismos deportivos | R33: Deportes | S33: 1. Número de publicaciones de criterios de evaluación para los organismos deportivos realizadas / Número Total de publicaciones de criterios de evaluación para los organismos deportivos requeridas | T33: Se difundieron por flayer en publicación abierta con los requisitos para la participación de los organismos deportivos. | U33: 0.33 | V33: Para este segundo trimestre se entegaron estimulos a los siguientes Organimso Deportivos: Liga de Baloncesto Nº Cov. CIAP 01, Liga Sorf Nº Cov. CIAP 02, Liga de Futbol Nº Cov. CIAP 03, Liga Tenis Nº Cov. CIAP 04, Liga de Atletismo Nº Cov. CIAP 05, Liga de VoleibolNº Cov. CIAP 07, Liga de Softbol Nº Cov. CIAP 08, Liga de FutsalaNº Cov. CIAP 09 y Liga de Karate-DO Nº Cov. 359. Se otorgo estimulo a Deportista del Club ASORBOL (Asociacion de Sordos de Bolivar) para la participacion del campeonato Ncional de Municios de Clubes Paralimpicos y se difundieron por flayer en publicación abierta los requisitos para la participación de los organismos deportivos en la entrega de incentivos y/o estímulos. | W33: =U33+25% -> 0.58 | X33: A septiembre de 2024, se entregaron 17 incentivos y estiímulos a organismos deportivos asi como también se entregaron 14 incentivos y estímulos a deportistas , de acuerdo a las resoluciones que reposan en la Oficina Asesora Jurídica | Y33: =(W33+32%) -> 0.9 | Z33: En la vigencia 2024, se realizaron 61 actos administrativos de reconocimiento y estructuración a los organismos deportivos . Los apoyos entregados a través de los diferentes organimos deportivos han beneficiado aproximadamente a 11.445 personas. Se entregaron de enero a diciembre de 2024 diecisiete (17) estímulos a diferentes organismos deportivos Se entregaron diecinueve (19) estímulos a atletas de altos logros a través de resoluciones | AA33: 1
A35: 14 | B35: Promocion y Fomento de la actividad fisica y el uso del tiempo libre. | C35: Mecanimos insuficientes para el alamacenamiento de la información suministrada | D35: Uso ilegitimo de la información en los procesos de inscripción. | E35: Pérdida de confianza y credibilidad en la entidad. Intervención de órganos de control. Sanciones. Pérdida de recursos económicos. | F35: Posible | G35: Moderado | H35: Moderado | I35: Definir criterios y procedimientos de inscripcion y selección de participantes | J35: Improbable | K35: Moderado | L35: Baja | M35: Bimensual | N35: Definir mecanismos para la revisión y verificación de los documentos, Implementación de mecanismos para la toma de decisiones. | O35: Lista de chequeo de los documentos presentados y formato de criterios para la toma de decisiones | P35: 28/04/2024-31/07/2024-31/10/2024-31/12/2024 | Q35: Realizar diligenciamiento de la lista de chequeo para la revisiòn y verificaciòn de documentos y formatos de criterios para la toma de desiciones | R35: Recreación | S35: 1. Número de lista de chequeo diligenciadas de revisión y verificación de documentos así como formatos con criterios para la toma de decisiones / Número total de lista de chequeo de revisión y verificación de documentos y formatos con criterios para la toma de decisiones requeridos. | T35: Se implementaron 5 listas de chequeo en los procesos de inscripción de los usuarios y participantes de los eventos(Ficha de inscripción, registro fotográfico, capacitación sobre prácticas adecuadas para manejo de información y consentimientos informados) Como mecanismo para la revisión y verificación de los documentos, el área cuenta con una carpeta DRIVE donde se hace archivo y respaldo de la información de las diferentes listas de chequeos, la cual se actualiza permanentemente | U35: 0.25 | V35: Se implementaron 5 listas de chequeo en los procesos de inscripción de los usuarios y participantes de los eventos(Ficha de inscripción, registro fotográfico, capacitación sobre prácticas adecuadas para manejo de información y consentimientos informados) Como mecanismo para la revisión y verificación de los documentos, el área cuenta con una carpeta DRIVE donde se hace archivo y respaldo de la información de las diferentes listas de chequeos, la cual se actualiza permanentemente. | W35: =U35+25% -> 0.5 | X35: Se implementaron 5 listas de chequeo en los procesos de inscripción de los usuarios y participantes de los eventos(Ficha de inscripción, registro fotográfico, capacitación sobre prácticas adecuadas para manejo de información y consentimientos informados) Como mecanismo para la revisión y verificación de los documentos, el área cuenta con una carpeta DRIVE donde se hace archivo y respaldo de la información de las diferentes listas de chequeos, la cual se actualiza permanentemente. | Y35: =(W35+25%) -> 0.75 | Z35: Se implementaron 5 listas de chequeo en los procesos de inscripción de los usuarios y participantes de los eventos(Ficha de inscripción, registro fotográfico, capacitación sobre prácticas adecuadas para manejo de información y consentimientos informados) Como mecanismo para la revisión y verificación de los documentos, el área cuenta con una carpeta DRIVE donde se hace archivo y respaldo de la información de las diferentes listas de chequeos, la cual se actualiza permanentemente. | AA35: =(Y35+25%) -> 1
A37: 15 | B37: Promocion y Fomento de la actividad fisica y el uso del tiempo libre. | C37: Mecanimos insuficientes para verificar información suministrada Favorecimiento a un tercero | D37: Soborno y tráfico de influencias. | E37: Pérdida de confianza y credibilidad en la entidad. Intervención de órganos de control. Sanciones. Pérdida de recursos económicos. | F37: Posible | G37: Moderado | H37: Moderado | I37: Definir criterios y procedimientos de inscripcion y selección de participantes | J37: Improbable | K37: Moderado | L37: Baja | M37: Bimensual | N37: Definir mecanismos para la revisión y verificación de los documentos,Implementación de mecanismos para la toma de decisiones | O37: Lista de chequeo de los documentos presentados y formato de criterios para la toma de decisiones | P37: 28/04/2024-31/07/2024-31/10/2024-31/12/2024 | Q37: Realizar diligenciamiento de la lista de chequeo para la revisiòn y verificaciòn de documentos y formatos de criterios para la toma de desiciones | R37: Recreación | S37: 1. Número de lista de chequeo diligenciadas de revisión y verificación de documentos así como formatos con criterios para la toma de decisiones / Número total de lista de chequeo de revisión y verificación de documentos y formatos con criterios para la toma de decisiones requeridos. | T37: Se implementaron 5 listas de chequeo en el los procesos de inscripción y selección de participantes (piezas publicitarias, registro fotográfico, fichas de inscripción y actas) Como mecanismo para la revisión y verificación de los documentos, el área cuenta con una carpeta DRIVE donde se hace archivo y respaldo de la información de las diferentes listas de chequeos, la cual se actualiza permanentemente | U37: 0.25 | V37: Se implementaron 5 listas de chequeo en el los procesos de inscripción y selección de participantes (piezas publicitarias, registro fotográfico, fichas de inscripción y actas) Como mecanismo para la revisión y verificación de los documentos, el área cuenta con una carpeta DRIVE donde se hace archivo y respaldo de la información de las diferentes listas de chequeos, la cual se actualiza permanentemente | W37: =U37+25% -> 0.5 | X37: Se implementaron 5 listas de chequeo en el los procesos de inscripción y selección de participantes (piezas publicitarias, registro fotográfico, fichas de inscripción y actas) Como mecanismo para la revisión y verificación de los documentos, el área cuenta con una carpeta DRIVE donde se hace archivo y respaldo de la información de las diferentes listas de chequeos, la cual se actualiza permanentemente | Y37: =(W37+25%) -> 0.75 | Z37: Se implementaron 5 listas de chequeo en el los procesos de inscripción y selección de participantes (piezas publicitarias, registro fotográfico, fichas de inscripción y actas) Como mecanismo para la revisión y verificación de los documentos, el área cuenta con una carpeta DRIVE donde se hace archivo y respaldo de la información de las diferentes listas de chequeos, la cual se actualiza permanentemente | AA37: =(Y37+25%) -> 1
A39: 16 | B39: Promocion y Fomento de la actividad fisica y el uso del tiempo libre. | C39: Mecanimos insuficientes para verificar información suministrada Favorecimiento a un tercero | D39: Privilegiar el tráfico de influencias para la selección de sede para eventos | E39: Pérdida de confianza y credibilidad en la entidad. Intervención de órganos de control. Sanciones. Pérdida de recursos económicos. | F39: Posible | G39: Moderado | H39: Moderado | I39: Definir criterios y procedimientos de inscripcion y selección de participantes | J39: Improbable | K39: Moderado | L39: Baja | M39: Bimensual | N39: Definir mecanismos para la revisión y verificación de los documentos, Implementación de mecanismos para la toma de decisiones. | O39: Lista de chequeo de los documentos presentados y formato de criterios para la toma de decisiones | P39: 28/04/2024-31/07/2024-31/10/2024-31/12/2024 | Q39: Realizar diligencioamiento de la lista de chequeo para la revisiòn y verificaciòn de documentos y formatos de criterios para la toma de desiciones | R39: Recreación | S39: 1. Número de lista de chequeo diligenciadas de revisión y verificación de documentos así como formatos con criterios para la toma de decisiones / Número total de lista de chequeo de revisión y verificación de documentos y formatos con criterios para la toma de decisiones requeridos. | T39: Se implementaron 5 listas de chequeo para la toma de decisiones (divulgación, registro fotografico, mesas de trabajo y actas) Como mecanismo para la revisión y verificación de los documentos, el área cuenta con una carpeta DRIVE donde se hace archivo y respaldo de la información de las diferentes listas de chequeos, la cual se actualiza permanentemente | U39: 0.25 | V39: Se implementaron 5 listas de chequeo para la toma de decisiones (divulgación, registro fotográfico, mesas de trabajo y actas) Como mecanismo para la revisión y verificación de los documentos, el área cuenta con una carpeta DRIVE donde se hace archivo y respaldo de la información de las diferentes listas de chequeos, la cual se actualiza permanentemente | W39: 0.5 | X39: Se implementaron 5 listas de chequeo para la toma de decisiones (divulgación, registro fotográfico, mesas de trabajo y actas) Como mecanismo para la revisión y verificación de los documentos, el área cuenta con una carpeta DRIVE donde se hace archivo y respaldo de la información de las diferentes listas de chequeos, la cual se actualiza permanentemente | Y39: =(W39+25%) -> 0.75 | Z39: Se implementaron 5 listas de chequeo para la toma de decisiones (divulgación, registro fotográfico, mesas de trabajo y actas) Como mecanismo para la revisión y verificación de los documentos, el área cuenta con una carpeta DRIVE donde se hace archivo y respaldo de la información de las diferentes listas de chequeos, la cual se actualiza permanentemente | AA39: =(Y39+25%) -> 1
A41: 17 | B41: Promocion y Fomento de la actividad fisica y el uso del tiempo libre. | C41: Mecanimos insuficientes para el alamacenamiento de la información suministrada | D41: Uso ilegitimo de la información en los procesos de seguimiento y evaluación. | E41: Pérdida de confianza y credibilidad en la entidad. Intervención de órganos de control. Sanciones. Pérdida de recursos económicos. | F41: Probable | G41: Moderado | H41: Moderado | I41: Definir criterios y procedimientos de inscripcion y selección de participantes | J41: Improbable | K41: Moderado | L41: Baja | M41: Bimensual | N41: Implementación de mecanismos para la toma de decisiones | O41: Formato de criterios para la toma de decisiones | P41: 28/04/2024-31/07/2024-31/10/2024-31/12/2024 | Q41: Realizar diligenciamiento de los formatos de criterios para la toma de desiciones | R41: Recreación | S41: 1. Número de formatos con criterios para la toma de decisiones diligenciados / Número total de formatos con criterios para la toma de decisiones requeridos. | T41: Implementación de dos (2) procesos de convocatorias abiertas al público para semillero de Actividad Física y Recreación Comunitaria. ( se realizarán en abril ambas convocatorias) | U41: 0.25 | V41: Implementación de dos (2) procesos de convocatorias abiertas al público para semillero de Actividad Física y Recreación Comunitaria. ( se realizarán en abril ambas convocatorias) | W41: 0.25 | X41: Implementación de dos (2) procesos de convocatorias abiertas al público para semillero de Actividad Física y Recreación Comunitaria. | Y41: =(W41+U41+25%) -> 0.75 | Z41: Implementación de dos (2) procesos de convocatorias abiertas al público para semillero de Actividad Física y Recreación Comunitaria. | AA41: =(Y41+25%) -> 1
T42: Se implementaron las 4 listas de chequeo, según los criterios para la toma de decisiones. (mesas de trabajo, actas, formularios de inscripción, registros fotográficos y número de inscritos seleccionados que cumplieron ) | V42: Se implementaron las 4 listas de chequeo, según los criterios para la toma de decisiones. (mesas de trabajo, actas, formularios de inscripción, registros fotográficos y número de inscritos seleccionados que cumplieron ) | X42: Se implementaron las 4 listas de chequeo, según los criterios para la toma de decisiones. (mesas de trabajo, actas, formularios de inscripción, registros fotográficos y número de inscritos seleccionados que cumplieron ) | Z42: Se implementaron las 4 listas de chequeo, según los criterios para la toma de decisiones. (mesas de trabajo, actas, formularios de inscripción, registros fotográficos y número de inscritos seleccionados que cumplieron )
A43: 18 | B43: Gestion de Infraestructura | C43: Favorecimiento a un tercero | D43: Priorizacion erronea de escenarios que no se encuentran contenidos en la ruta de trabajo. | E43: Desviación recursos | F43: Poco problable | G43: Moderado | H43: Baja | I43: Creación del documento dignóstico o ruta diagnósstica y fichas de los escenarios deportivos | J43: Rara vez | K43: Moderado | L43: Baja | M43: Permanente | N43: Control, monitoreo y seguimiento al Plan. | O43: Formato de seguimiento del plan | P43: 28/04/2024-31/07/2024-31/10/2024-31/12/2024 | Q43: Realizar mesualmente seguimiento al plan | R43: Infraestructura | S43: 1. Número de seguimiento al plan realizado / Número total de seguimiento al plan programados. | T43: En el marco del diagnóstico realizado a las 410 unidades deportivas del Distrito de Cartagena, se encontró 47 en muy mal estado, 70 en mal estado, 116 en estado regular y 117 en buen estado, tras lo que se crea la ruta de rescate de escenarios deportivos, proyectada por el área de Infraestructura del IDER, cuyo interés es poder acceder a los MPR (mantenimiento preventivo recurrente) y abarcar mayor número de ellos. Como evidencia reposa en la Oficina Asesora de Planeación informes enviados por el área de infraestructura | U43: 0.25 | V43: Durante este perído y de acuerdo a los resultados obtenidos en el Plan de acción a corte 31 de mayo de 2024 , se realizaron 368 mantenimientos preventivos recurrentes.Como evidencia reposa en la Oficina Asesora de Planeación informes enviados por el área de infraestructura | W43: =U43+25% -> 0.5 | X43: Se cumplio al 100% la meta del indicador de mantenimineto, mejoramiento y adecuación de escenarios deportivos de acuerdo a lo reportado en los informes por la Oficina Infraestructura . | Y43: =(W43+25%) -> 0.75 | Z43: Se cumplió al 100% la meta del indicador de mantenimiento, mejoramiento y adecuación de 368 escenarios deportivos de acuerdo a lo reportado en los informes por la Oficina Infraestructura. | AA43: =(Y43+25%) -> 1
A44: 19 | B44: Gestion de Infraestructura | C44: Poca planeación | D44: Obras no entregadas como fueron planeadas y presupuestadas. | E44: Afectacion a la comunidad por el no goce de escenarios deportivos en optimas condiciones. | F44: Poco problable | G44: Moderado | H44: Baja | I44: Controles tecnicos (presupesto, diseño, cantidades, formato de medicion, formato de liberacion de obra) desde la planeación hasta la ejecucion del proyecto. | J44: Rara vez | K44: Moderado | L44: Baja | M44: Permanente | N44: Control, monitoreo y seguimiento a la ejecución de los Proyectos. | O44: Acta de reunión , registro fotograficos ,listado de asistencia, informes | P44: 28/04/2024-31/07/2024-31/10/2024-31/12/2024 | Q44: Realizar informes de segumiento a las obras o proyectos | R44: Infraestructura | S44: 1. Número de seguimiento a las obras y proyectos realizado / Número total de seguimiento a las obras y proyectos programados. | T44: El informe enviado a la Oficina Asesora de Planeación con el fin de hacer seguimiento a los indicadores de gestión , el convenio establecido con EDURBE con respecto al Estadio Jaime Morón se encuentra en un avance del 25% , se evidencia a través del informe y los registro fotográficos. | U44: 0.25 | V44: El informe enviado a la Oficina Asesora de Planeación con el fin de hacer seguimiento a los indicadores de gestión , el convenio establecido con EDURBE con respecto al Estadio Jaime Morón se encuentra en un avance al mes de mayo del 85,96 %, se evidencia a través del informe y los registro fotográficos. | W44: =U44+25% -> 0.5 | X44: Las obras de mejoramiento de la infraestructura deportiva y recreativa del Coliseo cubierto Bernardo Caraballo se llevaron a cabo en un 100% ,con respecto al las obras de mejoramiento de la Villa Olimpica se encuentran en el siguiente avance : Estadio de Fútbol,Jaime Morón, se encuentra en un 96,63%, Plaza de Toros tiene un 51,88% de avance, Pista de Atletismo Campo Elías Guitiérrez se encuentra en 21,84% de avance, Complejo Acuático Jaime Gónzalez Jhonson a septiembre tuvo un avance de 27,39%, | Y44: =(W44+25%) -> 0.75 | Z44: Las obras de mejoramiento de la infraestructura deportiva y recreativa del Coliseo cubierto Bernardo Caraballo se llevaron a cabo en un 100% ,con respecto al las obras de mejoramiento de la Villa Olimpica fue de un 100% asi como las obras de reconstrucción de algunos aspectos de la infraestructura de la cancha sintética del barrio Los Calamares presentando un avance del 60% como también se desarrolló obras de matenimiento y reconstrucción deportiva y recreativa de la zona deportiva de Manga (Parque H L Román) y el Parque General Lacides Segovia, se encuentra en un avance del 74%. | AA44: =(Y44+25%) -> 1
A45: 20 | B45: Gestión Documental | C45: Baja implementación de buenas practicas de gestión documental por parte del personal encargado de los archivos de gestión al interior de cada oficina. | D45: Afectación a los a los pilares de integridad, disponibilidad, autenticidad y confidencialidad de la información. Incumplimiento técnico en los procesos archivisticos de organización, depuración, foliación, rotulación, inventario y disposición final. | E45: Disminución de la efectividad de los funcionarios Apertura de procesos disciplinarios, administrativos y legales a servidores públicos Pérdida de confianza y credibilidad en la entidad Intervención de órganos de control Sanciones | F45: Moderado | G45: Mayor | H45: Alta | I45: Realizar programa de capacitación y visitas de seguimiento y control a los archivos de gestión para verificar la aplicación de la Ley de Archivos (Ley 594 de 2000). | J45: Improbable | K45: Moderado | L45: Moderado | M45: Trimestral | N45: Control y monitoreo respecto a la aplicación de buenas prácticas de gestión documental por parte de los responsables de los archivos de gestion | O45: Visitas Técnicas , informes y registrto fotográfico | P45: 28/04/2024-31/07/2024-31/10/2024-31/12/2024 | Q45: Realizar 16 informes sobre las visitas tècnicas a los responsables de los archivos de gestiòn de cada dependecia | R45: Archivo y Gestión Documental | S45: 1. Número de informes realizados / Número total de informes requeridos. | T45: El primer trimestre se realizó diagnóstico y cronograma con el fin de dar inicio en el segundo trimestre | U45: 0 | V45: Se realizarán las visitas e infromes en el segundo semestre de 2024 | W45: =U45+13% -> 0.13 | X45: Para este trimestre, se avanzó en la gestión y seguimiento de la convalidación de las Tablas de Retención Documental – TRD del Instituto Distrital de Deportes y Recreación - IDER. | Y45: =(W45+32%) -> 0.45 | Z45: Para este trimestre, se avanzó en la gestión y seguimiento de la convalidación de las Tablas de Retención Documental – TRD del Instituto Distrital de Deportes y Recreación - IDER. | AA45: =(Y45+32%) -> 0.77
A46: 21 | B46: Gestión Documental | C46: Infraestructura física y tecnologica limitada para la optima disposición y consulta de los documentos del Instituto. | D46: Inadecuada disposición final de los documentos de archivo | E46: Desorden documental en los archivos de gestión y central, inadecuada dispocision final y generación de fondos acumulados | F46: Posible | G46: Moderado | H46: Moderado | I46: Desarrollar programas y proyectos de inversión que viabilicen la optimización y/o ampliación de la infraestructura física disponible para el resguardo de la documentación del IDER | J46: Improbable | K46: Moderado | L46: Baja | M46: Trimestral | N46: Organización y adecuada disposición final de los documentos en los espacios habilitados para tal fin | O46: Registrto fotográfico, verificación del FUID | P46: 28/04/2024-31/07/2024-31/10/2024-31/12/2024 | Q46: Verificaciòn del FUID | R46: Archivo y Gestión Documental | S46: 1. Número de verificaciones del FUID realizada / Número total de verificaciones del FUID requeridas. | T46: El primer trimestre se realizó diagnóstico y cronograma con el fin de dar inicio en el segundo trimestre | U46: 0 | V46: Se han realizado cinco (5) de verificaciones del FUID en este trimestre. | W46: =U46+25% -> 0.25 | X46: Durante este periodo, se avanzó en la ejecución del Plan de Capacitación Institucional en Gestión Documental, brindando asistencia técnica y capacitación a cuatro oficinas productoras del Instituto. Además, se preparó material de capacitación sobre archivos electrónicos para todo el Instituto Distrital de Deportes y Recreación - IDER. | Y46: =((W46+35%)) -> 0.6 | Z46: Durante este periodo, se avanzó en la ejecución del Plan de Capacitación Institucional en Gestión Documental, brindando asistencia técnica y capacitación a cuatro oficinas productoras del Instituto. Además, se preparó material de capacitación sobre archivos electrónicos para todo el Instituto Distrital de Deportes y Recreación - IDER. | AA46: =((Y46+35%)) -> 0.95
A47: 22 | B47: Gestion de bienes y servicios | C47: Por apropiación por parte de la comunidad de espacios que son publicos. | D47: Trafico de influencias -cobro por utilizacion de escenarios deportivos publicos por terceras personas. | E47: Afectación a la ciudadania en general por el no goce de escenarios deportivos gratuitos. | F47: Posible | G47: Moderado | H47: Moderado | I47: Campañas permanentes sobre el uso gratuito de los escenarios deportivos, Socializaciones sobre el tramite para solicitar permisos para el uso gratuito de los escenarios deportivos. | J47: Improbable | K47: Moderado | L47: Baja | M47: Permanente | N47: Socialización con la comunidad, ligas, clubes y usuarios de los escenarios deportivos | O47: Listado de asistencia, registro fotográfico | P47: 28/04/2024-31/07/2024-31/10/2024-31/12/2024 | Q47: Realizar 6 socializaciones con la comunidad , ligas , clubes y usuarios de los escenarios deportivos | R47: Dirección Administrativa y Financiera | S47: 1. Número de socializaciones sobre el uso y préstamo de los escenarios deportivos realizadas / Número total de socializaciones sobre el uso y préstamo de los escenarios deportivos programadas | T47: Se realizarán las socializciones en el segundo semestre de 2024 , se estructuró y se elaboró cronograma de trabajo | U47: 0.1 | V47: Se realizó reunión informativa sobre el proceso de prestamos de escenarios deportivos, el viernes 17 de mayo por medio de plataforma virtual con el fin de dar mayor alcance. Y se realizó reunión presencial en la Urbanización Los Corales con miembros de la comunidad | W47: =U47+30% -> 0.4 | X47: Se realizaron reuniónes informativas acerca del proceso de prestamos de escenarios deportivos a través de plataforma virtual dirigidas a deportistas, organismos deportivos, organizadores de eventos , íideres civiles y ciudadanos interesados. | Y47: =(W47+35%) -> 0.75 | Z47: Se realizaron reuniónes informativas acerca del proceso de préstamos de escenarios deportivos a través de plataforma virtual dirigidas a deportistas, organismos deportivos, organizadores de eventos , íideres civiles y aficionados. | AA47: =(Y47+25%) -> 1
A48: 23 | B48: Gestion de bienes y servicios | C48: Falta de planeación en la construcción del PAA de la entidad. | D48: Incumlimiento en la ejecución del PAA. | E48: Mala ejecución de los recursos. | F48: Poco probable | G48: Moderado | H48: Baja | I48: Participación de un equipo interdisciplinar de la entidad para la construcción del PAA( DAYF , planeación, Jurídica, Almacén) | J48: Posible | K48: Moderado | L48: Moderado | M48: Trimestral | N48: Control, monitoreo y seguimiento al Plan. | O48: Acta de reuniones, listados de asistencia, Informe de seguimiento al plan | P48: 28/04/2024-31/07/2024-31/10/2024-31/12/2024 | Q48: Realizar 4 seguimiento trimestrales al Plan Anual de Adquisiciones | R48: Dirección Administrativa y Financiera | S48: 1. Número de seguimientos del plan anual de adquisiciones realizado / Número total de seguimiento del plan anual de adquisiciones programado. | T48: Se realizaron los seguimientos pertinentes de acuerdo a las actualizaciones relizadas , su seguimiento del primer trimestre de 2024, se públicará la primera semana del mes de abril. | U48: 0.25 | V48: Soporte Acta de Reunión PAA el dia 12/06/2024, Durante el seguimiento se evidenció que el proceso de suministros de Cafeteria y Aseo, el cual se encuentran en la etapa análisis financiero para su adjudicación. Asi mismo podemos decir del procesos de adquisición de equipos tecnológicos el cual se encuetran en etapa de cotización. | W48: =U48+25% -> 0.5 | X48: Entre este período se trabajaron en los procesos de bienes y servicios de aseo y cafetería , el hostín, la licencias necesarias para el almacenamiento de la información y protección de datos, adquisición de equipos de corte y mantenimiento para los escenarios y los serivicios de diseño, producción, implementación y difusicón de campaña publicitaria CARTAGENA SI . | Y48: =(W48+25%) -> 0.75 | Z48: Entre este período se trabajaron en los procesos de bienes y servicios de fumigación y seguridad y salud en el trabajo. | AA48: =(Y48+25%) -> 1
A49: 24 | B49: Gestion de bienes y servicios | C49: Poco control en la verificación del cumplimiento de requisitos. Y ausencia de procedimientos de verificación estandarizados. | D49: Adquirir bienes y servicios que incumplen con los requisitos exigidos para la contratación o las especificaciones técnicas requeridas. | E49: Acumulación de bienes innecesarios que no van acorde con las necesidades de las áreas. | F49: Improbable | G49: Moderado | H49: Baja | I49: Moderado | J49: Improbable | K49: Moderado | L49: Baja | M49: Trimestral | N49: Aplicar la normatividad exigida y vigente para la contratación de Bienes y Servicios, Revisión cuidadosa y exhaustiva del cumplimiento de las especificaciones técnicas requeridas de los bienes y servicios a adquirir.. | O49: Acta de reunión, listados de aistencia , registro fotográfico | P49: 28/04/2024-31/07/2024-31/10/2024-31/12/2024 | Q49: Realizar mesas de trabajo sobre las especificaciones tècnicas de los bienes y servicios a adquirir | R49: Dirección Administrativa y Financiera | S49: 1. Número de mesas de trabajo desarrolladas / Número total de mesas de trabajo programadas | T49: Se realizaron 15 mesas de trabajo sobre especificaciones técnicas de los bienes y servicios a adquirir, para labores propias del Instituto a las siguientes areas : Deporte, Deporte Social Comunitario, EIFD, jurídica, Contabilidad,planeación, Observatorio,Infraestructura,Recreación,Escenarios Deportivos,Talento Humano,recepción, Control Interno y Administrativa y Financiera. | U49: 0.25 | V49: Se realizaron 2 mesas de trabajo sobre especificaciones técnicas de los bienes y servicios ha adquirir, para labores propias del Instituto donde se realizaron seguimientos al PAA. | W49: =U49+25% -> 0.5 | X49: Se realizaron 2 mesas de trabajo en cuanto al seguimiento al Plan Anual de Adquisiciones vigencia 2024 asi como se realizaron reuniones virtuales sobre las diferentes actualizaciones del plan. | Y49: =(W49+25%) -> 0.75 | Z49: Se realizaron 3 mesas de trabajo en cuanto al seguimiento al Plan Anual de Adquisiciones vigencia 2024 así como se realizaron reuniones virtuales sobre las diferentes actualizaciones del plan. | AA49: =(Y49+25%) -> 1
A51: 25 | B51: Gestión Financiera | C51: Ausencia de mecanismos de verificación de información Procesamiento de información sin revisar Fragmentación de la información Personal no idóneo Software con fallas | D51: Brindar información errónea | E51: Disminución de la efectividad de los funcionarios Incumplimiento de objetivos y metas Pérdida de confianza y credibilidad en la entidad Intervención de órganos de control Sanciones | F51: Posible | G51: Mayor | H51: Alta | I51: En la verificación de la información Se verifica la información entregada, con sus respectivos VoBo, por el área encargada | J51: Rara vez | K51: Mayor | L51: Baja | M51: Permanente | N51: Auditorías internas al Sistema de Gestión.Implementar los procedimientos al Sistema de Información. Auditorías internas al Sistema de Gestión. | O51: Informes de auditorias, acta de reuniones, listados de asistencias y registrto fotográfico | P51: 28/04/2024-31/07/2024-31/10/2024-31/12/2024 | Q51: Implementar formato de lista de chequeo a la información y documentación recibida | R51: Dirección Administrativa y Financiera | S51: 1. Número de inspecciones diligenciadas a través de lista de chequeo a la información y documentación recibida / Número total inspecciones programadas para realizarse a través de lista de chequeo a la información y documentación recibida. | T51: 8 inspecciones diligenicadas, personal nueva administración: Director, Director Adminitrativo y Financiero, Jefe Oficina Asesora Juridica, Jefe infraestructura, Director Operativo, Secretaria Ejecutiva, Almacenista General, PE. Deporte. | U51: 1 | V51: 8 inspecciones diligenciadas, personal nueva administración: Director, Director Adminitrativo y Financiero, Jefe Oficina Asesora Juridica, Jefe infraestructura, Director Operativo, Secretaria Ejecutiva, Almacenista General, PE. Deporte. | W51: =U51+0% -> 1 | X51: 8 inspecciones diligenciadas, personal nueva administración: Director, Director Adminitrativo y Financiero, Jefe Oficina Asesora Juridica, Asesor de infraestructura, Director Operativo, Secretaria Ejecutiva, Almacenista General, PE. Deporte. | Y51: =(W51+0%) -> 1 | Z51: 8 inspecciones diligenciadas, personal nueva administración: Director, Director Adminitrativo y Financiero, Jefe Oficina Asesora Juridica, Asesor de infraestructura, Director Operativo, Secretaria Ejecutiva, Almacenista General, PE. Deporte. | AA51: =(Y51+0%) -> 1
A53: 26 | B53: Gestión Financiera | C53: Fallas en el control de registros Mecanismos insuficientes de verificación de registros Mecanismos inapropiados de verificación de registros Falta de registros formalizados | D53: Omisión de registros necesarios | E53: Pérdida de recursos Sanciones Pérdida de credibilidad y confianza en la institución Dificultades en la generación de productos de los procesos | F53: Posible | G53: Mayor | H53: Alta | I53: En la revisión de los registros y documentos Se revisa y compara la información teniendo en cuenta los registros en el software | J53: Rara vez | K53: Mayor | L53: Baja | M53: Permanente | N53: Capacitar a funcionarios en manejo adecuado de registros, Auditorías internas,Capacitar a los funcionarios para el uso adecuado del back up para evitar perdida de información. Revisión del Sistema de Gestión Documental. Implementar las políticas para el control de los registros establecidas en el procedimiento. Control de Registros del Sistema de Gestión | O53: Listados de asistencias, registro fotográfico, infrormes de auditorias | P53: 28/04/2024-31/07/2024-31/10/2024-31/12/2024 | Q53: Realizar capacitaciones sobre el manejo adecuado de los registros del sistema de gestiòn y uso adecuado del back up. | R53: Dirección Administrativa y Financiera | S53: 1. Numero de capacitaciones realizar sobre el manejo adecuado de los registros del sistema de gestión y uso adecuado del back up / Número total de capacitaciones programadas sobre el manejo adecuado de los registros del sistema de gestión y uso adecuado del back up. | T53: Se realizó cronograma de visitas a todas las dependencias de la entidad donde se realizará el back up de la información institucional y la capacitación en la materia a cada funcionario responsable. Se cuenta como evidencia de esto correo enviado por Oficina de Sistemas | U53: 0 | V53: Se realizó cronograma de visitas a todas las dependencias de la entidad donde se realizará el back up de la información institucional y la capacitación en la materia a cada funcionario responsable. Se cuenta como evidencia de este correo enviado por Oficina de Sistemas. Se realizará este proceso a partir del tercer trimestre de 2024. | W53: =U53+0% -> 0 | X53: Se realizará este proceso a partir del cuarto trimestre de 2024. | Y53: =(W53+0%) -> 0 | Z53: Se realizó este proceso | AA53: 1
A57: 27 | B57: Gestión Financiera | C57: Sistemas inseguros Falta de respaldo de la información Personal no idóneo | D57: Daño de la Información | E57: Disminución de la efectividad de los funcionarios Incumplimiento de objetivos y metas Pérdida de confianza y credibilidad en la entidad Intervención de órganos de control Sanciones Pérdida de recursos económicos | F57: Posible | G57: Mayor | H57: Alta | I57: Capacitación en el manejo documental Realización de backup | J57: Improbable | K57: Mayor | L57: Moderado | M57: Permanente | T57: realizó cronograma de visitas a todas las dependencias de la entidad donde se realizará el back up de la información institucional y la capacitación en la materia a cada funcionario responsable. Se cuenta como evidencia de esto correo enviado por Oficina de Sistemas | U57: 0 | V57: Se realizó cronograma de visitas a todas las dependencias de la entidad donde se realizará el back up de la información institucional y la capacitación en la materia a cada funcionario responsable. Se cuenta como evidencia de este correo enviado por Oficina de Sistemas. Se realizará este proceso a partir del tercer trimestre de 2024. | W57: =U57+0% -> 0 | X57: Se realizará este proceso a partir del cuarto trimestre de 2024. | Y57: =(W57+0%) -> 0 | Z57: Se realizó este proceso | AA57: 1
A59: 28 | B59: Gestión Financiera | C59: Mecanismos inapropiados para validación de decisiones Falta de información Falta de criterios para toma de decisiones Falta o falla de mecanismos para verificación de decisiones tomadas Descentralización de la toma de decisiones | D59: Tráfico de influencias | E59: Ineficiencia de servidores públicos Incumplimiento de objetivos y metas Pérdida de confianza y credibilidad en la institución Pérdida de recursos Incumplimiento en la prestación de servicios Sanciones | F59: Posible | G59: Catastrofico | H59: Extremo | I59: Se capacita sobre el principio de la transparencia, la Ley 734,de 2022 Proceso disciplinario Procedimientos realizados por software | J59: Rara vez | K59: Catastrofico | L59: Moderado | M59: Permanente | N59: Racionalizar los medios impresos y promover el uso de herramientas digitales | O59: Listado de asistencias, registro fotogràfico | P59: 28/04/2024-31/07/2024-31/10/2024-31/12/2024 | Q59: Realizar 3 capaictaciones a los funcioanrios sobre la Ley de Trasnparencia ((1712 de 2014) y la Ley 734 de 2022 (Còdigo Disciplinario ûnico) | R59: Dirección Administrativa y Financiera | S59: 1. Número de capacitaciones de Ley de Transparencia ((1712 de 2014) y ley 734 de 2022 (Código Disciplinario Único) ejecutadas / Número total de capacitaciones programadas de Ley de Transparencia .((1712 de 2014) y ley 734 de 2022 (Código Disciplinario Único). | T59: Se realizó Comité Institucional de Gestión y Desempeño, en el cual la Oficina de Sistemas, llevo a cabo socialización de la página web de la entidad y de todos los ítems con los que se cuenta para el cumplimiento de la ley de transparencia y acceso a la información pública. Se cuenta con acta de comité y listado asistencia la inducción de funcionarios nuevos de la entidad | U59: 0.17 | V59: Se realizó la capacitación sobre Ley de Transparencia ((1712 de 2014) y la Ley 734 de 2022 (Còdigo Disciplinario ûnico) en el Complejo de Raquetas a los funcionarios de la entidad | W59: =U59+33% -> 0.5 | X59: A través de las diferentes redes sociales y medios de comunicación informamos a la población del Distrito de Cartagena de Indias sobre los programas, actividades, estrategias y oferta institucional que se desarrollada desde el instituto. Antes de finalizar la vigencia realizaremos una sensibilización sobre la Ley de Transparencia. | Y59: =(W59+10%) -> 0.6 | Z59: A través de las diferentes redes sociales y medios de comunicación informamos a la población del Distrito de Cartagena de Indias sobre los programas, actividades, estrategias y oferta institucional que se desarrollada desde el instituto. Antes de finalizar la vigencia realizaremos una sensibilización sobre la Ley de Transparencia. | AA59: 1
A63: 29 | B63: Gestión Financiera | C63: Ausencia de mecanismos de verificación de información Procesamiento de información sin revisar | D63: Falsedad en documento | E63: Inefectividad en el cumplimiento de funciones Pérdida de confianza y credibilidad en la entidad Pérdida de recursos Intervención de órganos de control Sanciones | F63: Posible | G63: Catastrofico | H63: Extremo | I63: Revisión cautelosa de la información y documentación recibida Se capacita sobre el principio de la transparencia, la Ley 734, Proceso disciplinario | J63: Rara vez | K63: Catastrofico | L63: Moderado | M63: Permanente | N63: Auditorías internas al sistema de gestión.Revisión del Sistema de información.Implementación de la Norma de calidad a la Gestión de los sistemas de información del proceso | O63: Lista de chequeo, listado de asistencias, registro fotográfico, | P63: 28/04/2024-31/07/2024-31/10/2024-31/12/2024 | Q63: Implementar formato de lista de chequeo a la información y documentación recibida | R63: Dirección Administrativa y Financiera | S63: 1. Número de inspecciones diligenciadas a través de lista de chequeo a la información y documentación recibida / Número total inspecciones programadas para realizarse a través de lista de chequeo a la información y documentación recibida. | T63: Se realizó Comité de Coordinación de Control Interno de la vigencia 2024, donde se aprobó el Plan de Auditoria en el cual están los seguimientos a los procesos de la entidad. Se anexa acta de comité | U63: 0.1 | V63: Se esta dando cumplimiento al Plan de Auditorías presentado en el comité, haciendo los respectivos seguimientos . | W63: =U63+25% -> 0.35 | X63: Se esta dando cumplimiento al Plan de Auditorías presentado en el comité, haciendo los respectivos seguimientos . | Y63: =(W63+30%) -> 0.65 | Z63: Se esta dando cumplimiento al Plan de Auditorías presentado en el comité, se realizarón los seguimientos respectivos.. | AA63: =(Y63+30%) -> 0.95
A66: 30 | B66: Gestión Financiera | C66: Mecanismos inapropiados para validación de decisiones Falta de información Falta de criterios para toma de decisiones Falla de mecanismos para verificación de decisiones tomadas | D66: Decisiones ajustadas a intereses particulares | E66: Ineficiencia de servidores públicos Incumplimiento de objetivos y metas Pérdida de confianza y credibilidad en la institución Pérdida de recursos Incumplimiento en la prestación de servicios Sanciones | F66: Posible | G66: Catastrofico | H66: Extremo | I66: Se capacita sobre el principio de la transparencia, la Ley 734, Ley 909 Proceso disciplinario | J66: Improbable | K66: Catastrofico | L66: Alta | M66: Permanente | N66: Capacitación en temas contractuales . Capacitación de supervisores.Manual de contratación socializado entre los servidores y contratistas del instituto.Manual de funciones socializado entre los servidores y contratistas del instituto.Código de Ética socializado en la entidad | O66: Listado de asistencia registro fotográficos. | P66: 28/04/2024-31/07/2024-31/10/2024-31/12/2024 | Q66: Realizar 3 capacitaciones en diferente temas de contratación estatal | R66: Dirección Administrativa y Financiera | S66: 1. Número de capacitaciones realizadas / Número total de capacitaciones programadas | T66: Las capacitaciones en diferente temas de contratación estatal se realizarán en el siguiente trimestre. | U66: 0 | V66: Las capacitaciones en diferente temas de contratación estatal se realizarán en el tercer trimestre de 2024. | W66: =U66+0% -> 0 | X66: Las capacitaciones en diferente temas de contratación estatal se realizarán en el cuarto trimestre del 2024. | Y66: =(W66+0%) -> 0 | Z66: Se realizó una (1) capacitación sobre contratación estatal. | AA66: 0.3333
A70: 31 | B70: Gestión Juridica y Legal | C70: Violación o desconocimiento del regimen de inabilidades e incompatibilidades descrito por la normativa para la debida celebración de contratos estatales. Interes particular de los funcionarios para el favorecimiento de un tercero o particular Abuso del poder del funcionario del IDER | D70: Irregularidades en la celebración de los contratos | E70: Generación de auditorias por los entes de control que evidencien hallazgos de tipo disciplinario, fiscal y penal. Inicio de acciones judiciales en contra de funcionarios del Instituto por mal manejo de los recursos economicos. Sanciones y codenas en contra del Instituto y sus funcionarios | F70: Posible | G70: Catastrofico | H70: Extremo | I70: Seguimiento constante en el comité de contratación de la entidad al comité tecnico evaluador y los procesos contractuales a celebrar. Socialización y capacitacion a los funcionarios sobre el manual de contratacion de la entidad en especial lo inherente al reguimen de compatibilidades e incompatibilidades y las responsabilidades del supervisor. Socializacion y capacitación en las guias de colombia compra eficiente. Uso de las platafromas digitales establecidas por colombia compra eficiente para la celebración de los contratos de la entidad. | J70: Improbable | K70: Catastrofico | L70: Alta | M70: Permanente | N70: Establecer en el orden del día de los comites de contratación un seguimiento de los procesos en ejecución. Verificacion de ese seguimiento en las actas de ese comité.Generar un plan de capacitaciones a través de la Oficina de Talento Humano con referencia a la debida celebración y supervisión de los contratos estatales.. | O70: Actas del Comité de Contratación, listado de asistencia, registro fotográfico | P70: 28/04/2024-31/07/2024-31/10/2024-31/12/2024 | Q70: Realizar el Comité de Contratación como lo establece la resolución de creación del comité | R70: Oficina Asesora Juridica | S70: 1. Número de comités de contratación realizados conformes. / Número total de comités de contratación. | T70: En el primer trimestre de la vigencia se realizaron los comités de contratación correspondientes acordes a los lineamientos de ley y su resolución , como soporte se cuenta con las actas de comité y sus respectivos soportes. | U70: 0.25 | V70: En el segundo trimestre de la vigencia, se realizaron los comités de contratación correspondientes acordes a los lineamientos de ley y su resolución, como soporte se cuenta con las actas de comité y sus respectivos soportes. | W70: =U70+25% -> 0.5 | X70: En el tercer trimestre de la vigencia, se realizaron los comités de contratación correspondientes acordes a los lineamientos de ley y su resolución, como soporte se cuenta con las actas de comité y sus respectivos soportes. | Y70: =( W70+25%) -> 0.75 | Z70: En el cuarto trimestre de la vigencia, se realizaron los comités de contratación correspondientes acordes a los lineamientos de ley y su resolución, como soporte se cuenta con las actas de comité y sus respectivos soportes. | AA70: =( Y70+25%) -> 1
A72: 32 | B72: Gestión Juridica y Legal | C72: Favorecimiento a un tercero o particular Abuso del poder por parte del funcionarios | D72: Irregularidades en el otorgamiento de reconocimientos a organismos deportivos | E72: Sanciones disciplinarias de indole penalpara el funcionario del instituto Poca credibilidad en la Institucion | F72: Posible | G72: Moderado | H72: Moderado | I72: Estructuracion de un procedimiento para los reconocimientos de organismos deportivos como lo son la renovacion y el otorgamiento Capacitaciones en el tramite y normativa de reconocimientos deportivos. | J72: Rara vez | K72: Moderado | L72: Baja | M72: Mensuales | N72: Consolidación del procedimiento, Plan de capacitaciones a los servidores que otorgan reconocimientos deportivos | O72: Listados de asistencia , acta de reunión , registro fotográfico | P72: 28/04/2024-31/07/2024-31/10/2024-31/12/2024 | Q72: Realizar capacitaciones de los servidores que otorgan reconocimientos deportivos | R72: Oficina Asesora Juridica | S72: 1. Número de servidores que otorgan reconocimientos deportivos capacitados / Número total de servidores que otorgan reconocimientos deportivos del Instituto. | T72: En et primer trimestre se realizaron procesos de asesorías y de capacitación a 49 personas | U72: 0 | V72: En et primer trimestre se realizaron procesos de asesorías y de capacitación a 78 personas | W72: =0%+50% -> 0.5 | X72: De enero a septiembre se han realizado proceso de asesorías y capacitación a 209 personas. | Y72: =(W72+25%) -> 0.75 | Z72: De enero a diciembre se han realizado proceso de asesorías y capacitación a 386 personas. | AA72: =(Y72+25%) -> 1
A74: 33 | B74: Gestión Juridica y Legal | C74: Favorecimiento a un tercero o particular Abuso del poder por parte del funcionarios | D74: Decisiones ajustadas a intereses particulares | E74: Sanciones disciplinarias de indole penalpara el funcionario del instituto Poca credibilidad en la Institucion Gastos indebidos asumidos por la entidad | F74: Posible | G74: Mayor | H74: Alta | I74: Seguimiento constante en el comité de conciliacion de la entidad a la solicitudes de pago a terceros. Implementacion de un procedimiento para pagos en caso de terceros | J74: Rara vez | K74: Mayor | L74: Baja | M74: Permanente | N74: Consolidación del procedimiento para pagos a favor de terceros,Actas del comité de conciliación donde se evidencian la concertación de tales pagos a terceros. | O74: Formato de cesión a terceros , Acta de reunión, listado de asistencia | P74: 28/04/2024-31/07/2024-31/10/2024-31/12/2024 | Q74: Implementar y socializar la utilización del formato para este procedimiento | R74: Oficina Asesora Juridica | S74: 1. Número de formatos de cesión a terceros diligenciados con sus soportes / Número total de formatos de cesión a terceros requeridos. | T74: Se presento un solo caso durante este primer trimestre del año 2024 | U74: 0.25 | V74: Se presentaron dos casos durante este segundo trimestre del año 2024. | W74: =U74+25% -> 0.5 | X74: Se presentató un caso durante este tercer trimestre del año 2024. | Y74: =(W74+25%) -> 0.75 | Z74: Se presentató tres (3) caso durante este tercer trimestre del año 2024. | AA74: =(Y74+25%) -> 1
A76: 34 | B76: Gestión Sistemas tecnología de la información. | C76: 1. Usuarios sin cultura de seguridad informática. 2. Acciones indebidas en el uso de la información y los recursos informáticos de la Entidad. 3. Falta de control de uso y acceso a la información de la Entidad. 4. Vandalismo informático que beneficia los intereses particulares de terceros. 5. Presión, amenazas por parte de particulares a un funcionario o contratista para manipular o adulterar información en beneficio de terceros interesados. | D76: Omisión de acciones para el cuidado de los activos de información y acción de adulteración, daño, acceso o entrega no autorizada de información en beneficio de un privado perjudicando a la entidad o sus procesos. | E76: Incumplimiento de objetivos y metas. Disminución de la efectividad de los funcionarios. Pérdida de confianza y credibilidad en la entidad. Intervención de órganos de control. Sanciones. Pérdida de recursos económicos. | F76: Posible | G76: Moderado | H76: Moderado | I76: Definir la Política General de la Seguridad de la Información de la entidad y Manual de políticas de seguridad y privacidad de la información. | J76: Improbable | K76: Moderado | L76: Baja | M76: Permanente | N76: Implementar la política general de seguridad y privacidad de la información de la entidad y el manual de politicas especifica de seguridad y privacidad de la información, esta aprobada por comité de MIPG.,Implementar la política de tratamiento de datos personales y esta publicados en la página Web oficial en la sección de transparencia.,Se cuenta con controles de acceso lógico a la red, sistemas operativos, bases de datos, archivos compartidos, con controles basados en usuario, perfiles y contraseña, hay controles físicos de ingreso a las instalaciones.Código de Ética socializado en la entidad, Socialización de Manual de funciones entre los servidores y contratistas del instituto. | O76: Seguimiento trimestral de la Polìtica General de Seguridad y Privacidad de la informaciòn | P76: 28/04/2024-31/07/2024-31/10/2024-31/12/2024 | Q76: Realizar el Seguimiento trimestral de la Polìtica General de Seguridad y Privacidad de la informaciòn | R76: Oficina de Sistema | S76: 1. Número de seguimiento trimestral de la Política General de Seguridad y Privacidad de la información realizados / Número total seguimiento trimestral de la Política General de Seguridad y Privacidad de la información programados. | T76: Se realiza actualización de las contraseñas de acceso a las redes wiffi, se implementa factor de doble autenticación en la cuentas de correos intitucionales en el primer trimestre 2024, como actividad de seguimiento y fortalecimiento de la seguridad | U76: 0.25 | V76: Se realiza mantenimeiento preventivo y correctivo de los computadores y se realiza copia de seguridad de la información. | W76: =U76+25% -> 0.5 | X76: Se realiza copia de seguridad de la página web de la entidad y se restarura en un servidor local, para verificar el estado de las copias de respoldo. | Y76: =(W76+25%) -> 0.75 | Z76: Se realiza copia de seguridad de la página web de la entidad y se restaruró en un servidor local, para verificar el estado de las copias de respoldo. | AA76: =(Y76+25%) -> 1
A80: 35 | B80: Gestión Sistemas tecnología de la información. | C80: Estudios previos o de factibilidad manipulados para beneficiar a un tercero en particular o privado. Términos de referencia condicionados para favorecer la elección de un tercero en particular. Falta en la ejecución de supervisión y seguimiento al proveedor y el producto o servicio contratado. Deficiencias en el manejo de la documentación y el archivo. Ofrecimiento de Beneficios económicos para la elección de Proveedores de servicios de TI. | D80: Uso del poder para beneficio privado de un tercero en los procesos de selección de proveedores y contratación de servicios de tecnología. | E80: Intervención de órganos de control. Sanciones. Pérdida de recursos económicos. | F80: Improbable | G80: Moderado | H80: Baja | I80: Revisión dual en la definición y revisión de anexos técnicos que son usados en los procesos de selección y calificación de Proveedores. Realizar la supervisión de los contratos que son entregados en responsabilidad de tecnología, cumpliendo las políticas internas definidas para tal fin. Evaluar el cumplimiento y la ejecución de los contratos prestados por los proveedores de TI de conformidad a los términos requeridos por la Entidad. | J80: Rara vez | K80: Moderado | L80: Baja | M80: Permanente | N80: Implimentar control manual de verificación y validación dual en los anexos técnicos que genera la oficina de tecnología y son parte integral de los contratos de adquisición de productos o servicios de TI.,Verificar la supervisión de los contratos de acuerdo a la guía de supervisión, los informes generados son revisados y aprobados por la oficina juridica y dirección administrativa antes del pago,Al finalizar la ejecución de un contrato se genera el informe final indicando el cumplimiento o deficiencias del mismo.. | O80: Iinformes , lista de chequeo de los anexos tècnicos . | P80: 28/04/2024-31/07/2024-31/10/2024-31/12/2024 | Q80: Diligenciamiento del formato de la lista de chequo para la verificaciòn y validaciòn de los anexos tècniso para la contrataciòn | R80: Oficina de Sistema | S80: 1. Número de inspecciones diligenciadas a través de lista de chequeo para la verificación y validación de los anexos técnicos de la contratación / Número total inspecciones programadas para la verificación y validación de los anexos técnicos de la contratación. | T80: Se realiza la proyección y verificación de especificaciones técnicas para la estructuración de estudios técnicos para la adquisición de insumos y equipos tecnologicos, con la Oficina de Almacén General y posteriormente la Oficina Asesora de Jurídica. | U80: 0.25 | V80: Se realiza la proyección y verificación de especificaciones técnicas para la estructuración de estudios técnicos para la adquisición de licencias de Office 365, licencia de antivirus y Hosting para la página web de la entidad, con la Oficina de Almacén General y posteriormente la Oficina Asesora de Jurídica. | W80: =U80+25% -> 0.5 | X80: Se realiza la proyección y verificación de especificaciones técnicas para la estructuración de estudios técnicos para la adquisición de licencias de Office 365, licencia de antivirus y Hosting para la página web de la entidad, con la Oficina de Almacén General y posteriormente la Oficina Asesora de Jurídica. | Y80: =(W80+25%) -> 0.75 | Z80: Se realiza la proyección y verificación de especificaciones técnicas para la estructuración de estudios técnicos para la adquisición de licencias de Office 365, licencia de antivirus y Hosting para la página web de la entidad, con la Oficina de Almacén General y posteriormente la Oficina Asesora de Jurídica. | AA80: 0.75
A83: 36 | B83: Gestion Talento Humano | C83: Falta de información actualizada en base de datos de contratacion de juridica | D83: Brindar información errónea | E83: Brindar información publica falsa o desactualizada, lo cual puede traer consecuensias juridicas para la entidad. | F83: Posible | G83: Moderado | H83: Moderado | I83: Solicitar documentacion soporte para emitir certificaciones a contratistas, personal de planta y entes de control. | J83: Posible | K83: Moderado | L83: Moderado | M83: Permanente | N83: Verificar la información en bases de datos actualizada en oficina juridica e información al contratistas y personal de planta. | O83: Base de Datos de los contratistas , SIGEP | P83: 28/04/2024-31/07/2024-31/10/2024-31/12/2024 | Q83: Revsiòn y verificaciòn de la Plataforma SIGEP | R83: Talento Humano | S83: 1. Número de hojas de vida verificadas en el SIGEP / Número total de hojas de vida de SIGEP | T83: 25 hojas de vida verificadas en l a plataforma SIGEP II | U83: 1 | V83: 25 hojas de vida verificadas en la plataforma SIGEP II | W83: =U83+0% -> 1 | X83: 25 hojas de vida verificadas en la plataforma SIGEP II | Y83: =(W83+0%) -> 1 | Z83: 25 hojas de vida verificadas en la plataforma SIGEP II | AA83: =(Y83+0%) -> 1
A84: 37 | B84: Gestión de Control Interno | C84: Inexistencia de lineamientos para hacer la declaración de conflicto de interés. El empleado desconoce las situaciones que configuran conflicto de interés. | D84: No declarar conflicto de interés en la realización de auditorías. | E84: Utilización indebida de información Favorecimiento a terceros en el resultado de las auditorías. Pérdida de confianza y credibilidad en la institución. | F84: Posible | G84: Mayor | H84: Alta | I84: Indicar la existencia de algún tipo de conflicto de interés. Capacitación en temas relacionados con la OCI | J84: Posible | K84: Moderado | L84: Moderado | M84: Permanente | N84: Implementación de la Carta de Representaciòn ,Formato de Compromiso de cumplimiento del Còdigo de êtica del Auditor Interno y del Estatuto de Auditoria Interna, Capacitar en temas específicos de la Oficina de Control Interno. | O84: Formato Carta de Representaciòn, Formato de Compromiso de cumplimiento del Còdigo de Etica del Auditor Interno y del Estatuto de Auditoria Interna. | P84: 28/04/2024-31/07/2024-31/10/2024-31/12/2024 | Q84: Implementaciòn de los formatos de Carta de Presentaciòn y compromiso de cumplimiento del Còdigo de Etica del Auditor interno y del Estado de Auditorìa Interna | R84: Control Interno | S84: 1. Número de formatos de carta de presentación, compromiso de cumplimiento del Código de Ética del Auditor Interno y del estado de auditoría interna diligenciados / Número total de formatos de carta de presentación, compromiso de cumplimiento del Código de Ética del Auditor Interno y del estado de auditoría interna requeridos. | T84: Se realizó Comité de Coordinación de Control Interno de la vigencia 2024 donde se aprobó el Plan de Auditoria en el cual están los seguimientos a los procesos de la entidad. Se anexa acta de comité. Una vez se den inicio a la auditoria se podrá evidenciar los documentos y carta de representación. | U84: 0.1 | V84: Estas cartas se han presentado al comienzo de las auditorias realizadas como corresponde el procedimiento. | W84: =U84+25% -> 0.35 | X84: Estas cartas se han presentado al comienzo de las auditorias realizadas como corresponde el procedimiento. | Y84: =(W84+25%) -> 0.6 | Z84: Estas cartas se han presentado al comienzo de las auditorias realizadas como corresponde el procedimiento. | AA84: 1
A86: 38 | B86: Gestión de Control Interno | C86: Ausencia de mecanismos de control para el correcto almacenamiento de la información de las auditorías. Ineficiencia en las políticas de operación del manejo de la información. Falta o falla de mecanismos para el tratamiento de información. | D86: Uso inadecuado de los informes de las auditorías. | E86: Uso inapropiado de la información. Pérdida de credibilidad y confianza en la institución. Manipulación de los resultados de la auditoria. Favorecimiento a terceros | F86: Posible | G86: Mayor | H86: Alta | I86: Establecimiento de políticas de operación, mecanismos de control y procedimientos para el tratamiento de la información obtenida en las auditorías. Capacitación en temas de tratamiento de infromación y confidencialidad por parte de todos los funcionarios y/o contratistas del Instituto | J86: Posible | K86: Moderado | L86: Moderado | M86: Permanente | N86: Elaborar políticas de operación, mecanismos de control y procedimientos para el tratamiento de la información obtenida en las auditorías,Capacitar en temas de tratamiento de información y confidencialidad por parte de todos los funcionarios y/o contratistas del Instituto | O86: Listado de asistencia, registro fotográfico, informes | P86: 28/04/2024-31/07/2024-31/10/2024-31/12/2024 | Q86: Realizar 3 capacitaciones en temas de tratamiento de informaciòn y confidencialidad | R86: Control Interno | S86: 1. Número de capacitaciones realizar sobre temas de tratamiento de información y confidencialidad / Número total de capacitaciones en temas de tratamiento de información y confidencialidad programadas | T86: Se realizó cronograma, el cual dará inicio en el 2 trimestre. | U86: 0.1 | V86: Se realizó cronograma, el cual dará inicio en el tercer trimestre de la vigencia 2024. | W86: 0.1 | X86: Se realizó cronograma,y se estructuraron las capacitaciones , las cuales darán inicio en el cuarto trimestre de la vigencia 2024. | Y86: =(W86+25%) -> 0.35 | Z86: Se realizaron capacitaciones internas, es decir entre el personal (auditores) de la Oficna de Control Interno | AA86: =(Y86+45%) -> 0.8
T88: TOTAL | U88: =+AVERAGE(U10:U87) -> 0.19052632 | V88: TOTAL | W88: =+AVERAGE(W10:W87) -> 0.38894737 | X88: TOTAL | Y88: =+AVERAGE(Y10:Y87) -> 0.65526316 | AA88: =+AVERAGE(AA10:AA87) -> 0.96192895
Z90: No. | AA90: COMPONENTES DEL PLAN ANTICORRUPCCIÓN Y DE ATENCIÓN AL CIUDADANO | AB90: % VALOR EJECUTADO PRIMER TRIMESTRE 2024 | AD90: No. | AE90: COMPONENTES DEL PLAN ANTICORRUPCCIÓN Y DE ATENCIÓN AL CIUDADANO | AF90: % VALOR EJECUTADO SEGUNDO TRIMESTRE 2024 | AH90: No. | AI90: COMPONENTES DEL PLAN ANTICORRUPCCIÓN Y DE ATENCIÓN AL CIUDADANO | AJ90: % VALOR EJECUTADO TERCER TRIMESTRE 2024 | AL90: No. | AM90: COMPONENTES DEL PLAN ANTICORRUPCCIÓN Y DE ATENCIÓN AL CIUDADANO | AN90: % VALOR EJECUTADO CUARTO TRIMESTRE 2024
Z91: 1 | AA91: Gestión del Riesgo -Mapa de Riesgo | AB91: 0.425 | AD91: 1 | AE91: Gestión del Riesgo -Mapa de Riesgo | AF91: =(40%+66%)/2 -> 0.53 | AH91: 1 | AI91: Gestión del Riesgo -Mapa de Riesgo | AJ91: =(66%+86%)/2 -> 0.76 | AL91: 1 | AM91: Gestión del Riesgo -Mapa de Riesgo | AN91: =(96%+100%)/2 -> 0.98
Z92: 2 | AA92: Racionalización de Trámite | AB92: ='RACIONALIZACION DE TRAMITES '!J10 -> 0.3375 | AD92: 2 | AE92: Racionalización de Trámite | AF92: 0.43 | AH92: 2 | AI92: Racionalización de Trámite | AJ92: ='RACIONALIZACION DE TRAMITES '!N10 -> 0.6875 | AL92: 2 | AM92: Racionalización de Trámite | AN92: ='RACIONALIZACION DE TRAMITES '!P10 -> 0.9625
Z93: 3 | AA93: Rendición de Cuentas | AB93: 0.08 | AD93: 3 | AE93: Rendición de Cuentas | AF93: 0.17 | AH93: 3 | AI93: Rendición de Cuentas | AJ93: ='RENDICION DE CUENTAS '!N40 -> 0.65 | AL93: 3 | AM93: Rendición de Cuentas | AN93: 0.82
Z94: 4 | AA94: Mecanismo para mejorar la atención al ciudadano | AB94: 0.15 | AD94: 4 | AE94: Mecanismo para mejorar la atención al ciudadano | AF94: 0.44 | AH94: 4 | AI94: Mecanismo para mejorar la atención al ciudadano | AJ94: ='MECANISMOS PARA MEJORAR LA ATEN'!N18 -> 0.75 | AL94: 4 | AM94: Mecanismo para mejorar la atención al ciudadano | AN94: 1
Z95: 5 | AA95: Transparencia y acceso a la información | AB95: 0.25 | AD95: 5 | AE95: Transparencia y acceso a la información | AF95: 0.51 | AH95: 5 | AI95: Transparencia y acceso a la información | AJ95: ='TRANSPARENCIA Y ACCESO A LA INF'!N14 -> 0.69375 | AL95: 5 | AM95: Transparencia y acceso a la información | AN95: 0.9
Z96: 6 | AA96: Iniciativas adicionales | AB96: 0.3 | AD96: 6 | AE96: Iniciativas adicionales | AF96: 0.44 | AH96: 6 | AI96: Iniciativas adicionales | AJ96: ='INICIATIVAS ADICIONALES'!M9 -> 0.64333333 | AL96: 6 | AM96: Iniciativas adicionales | AN96: 1
Z97: TOTAL | AB97: =SUM(AB91:AB96)/6 -> 0.25708333 | AD97: TOTAL | AF97: =SUM(AF91:AF96)/6 -> 0.42 | AH97: TOTAL | AJ97: =SUM(AJ91:AJ96)/6 -> 0.69743056 | AL97: TOTAL | AN97: =SUM(AN91:AN96)/6 -> 0.94375

Sheet GESTION DEL RIESGO 
A2: PLAN ANTICORRUPCIÓN Y DE ATENCIÓN AL CIUDADANO 2024 - IDER
A3: 1. COMPONENTE GESTION DEL RIESGO
A4: SUBCOMPONENTE | B4: No | C4: ACTIVIDAD | D4: META O PRODUCTO | E4: INDICADOR | F4: RESPONSABLE | G4: FECHA PROGRAMADA | I4: (ENERO-MARZO) | J4: (% AVANCE ENERO-MARZO) | K4: (ABRIL- JUNIO ) | L4: (% AVANCE ENERO-JUNIO) | M4: ( JUNIO -SEPTIEMBRE) | N4: (% AVANCE ENERO -SEPTIEMBRE) | O4: ( OCTUBRE- DICIEMBRE ) | P4: (% AVANCE ENERO -DICIEMBRE)
G5: FECHA INICIAL | H5: FECHA FINAL
A6: 1. POLITICA DE ADMINISTRACIÓN DEL RIESGO | B6: 1 | C6: Socializar la PolÍtica de Administracion de Riesgos a todos los funcionarios del instituto | D6: 2 Socializaciones | E6: No. Socializaciones realizadas/No. Socializaciones programadas | F6: Oficina Asesora de Planeación | G6: 45323 | H6: 45657 | I6: Se realizo capacitación de la política de gestión de riesgos en las áreas de: Recreación, deportes y dirección administrativa y financiera. Se cuenta con registro de asistencia como evidencia de las acciones realizadas | J6: 0.25 | K6: Se realizó capacitación de la Política de Gestión de Riesgos en las áreas de: contabilidad, oficina de espectáculos públicos, presupuesto, planeación. Se cuenta con registro de asistencia como evidencia de las acciones realizadas. | L6: =(J6+0%) -> 0.25 | M6: Se continúo con las capacitaciones y seguimiento de la Política de Gestión de Riesgos en las áreas del instituto. Se cuenta con registro de asistencia como evidencia de las acciones realizadas. | N6: =(L6+50%) -> 0.75 | O6: Se continúo con las capacitaciones y seguimiento de la Política de Gestión de Riesgos en las áreas del instituto. Se cuenta con registro de asistencia como evidencia de las acciones realizadas. | P6: =(N6+25%) -> 1
A7: 2. MAPA DE RIESGO INSTITUCIONAL | B7: 2 | C7: Revisión del Mapa de Riesgos de Corrupción | D7: 3 Mesas de trabajos para actualización | E7: No. Mesas de trabajo realizadas/No. Mesas de trabajo programadas | F7: Oficina Asesora de Planeación | G7: 45323 | H7: 45657 | I7: Se realizó el primer Comité Institucional de Gestión y Desempeño, donde se reviso el Mapa de Riesgo de Corrupción y Plan Anticorrupción y de Atención al Ciudadano con todos los actores que hacen parte en el instituto con el fin de aprobarlos y publicarlos como establece la normatividad. Se cuenta como evidencia con el acta del comité y la públicación en el link de Transparencia. | J7: 0.25 | K7: Se presentó en el Comité de Gestión y Desempeño, el seguimiento del primer trimestre de la vigencia 2024 – Se cuenta con acta de comité como evidencia. Se realizó seguimiento del segundo trimestre, se cuenta como evidencia la solicitud de información a las diferentes áreas. Se realizaron reuniones de corroboración de la información. | L7: =J7+25% -> 0.5 | M7: Se realizó seguimiento del tercer trimestre, se cuenta como evidencia la solicitud de información a las diferentes áreas. Se realizaron reuniones de corroboración de la información. | N7: =(L7+25%) -> 0.75 | O7: Se realizó seguimiento del tercer trimestre, se cuenta como evidencia la solicitud de información a las diferentes áreas. Se realizaron reuniones de corroboración de la información. | P7: =(N7+25%) -> 1
A8: 3 . CONSULTA Y DIVULGACIÓN | B8: 3 | C8: Publicar en la página web del IDER , el Mapa de Riesgo de 2024 actualizado. | D8: Publicacion del Mapa de Riesgo institucional | E8: Publicación realizada | F8: Oficina Asesora de Planeación y Oficina de Sistemas | G8: 45323 | H8: 45657 | I8: Se público a 31 de enero de 2024 en la página web de la entidad además se realizó la respectiva verificación por parte de la Oficina Asesora de Planeación, se cuenta con pantallazo como evidencia. | J8: 1 | K8: Se público a 31 de enero de 2024 en la página web de la entidad además se realizó la respectiva verificación por parte de la Oficina Asesora de Planeación, se cuenta con pantallazo como evidencia. | L8: =J8+0% -> 1 | M8: Se público a 31 de enero de 2024 en la página web de la entidad además se realizó la respectiva verificación por parte de la Oficina Asesora de Planeación, se cuenta con pantallazo como evidencia. | N8: =(L8+0%) -> 1 | O8: Se público a 31 de enero de 2024 en la página web de la entidad además se realizó la respectiva verificación por parte de la Oficina Asesora de Planeación, se cuenta con pantallazo como evidencia. | P8: =(N8+0%) -> 1
A9: 4. MONITOREO Y REVISIÓN | B9: 4 | C9: Monitoreo y revisión trimestral del Mapa de Riesgo de Corrupción , en el marco del Sistema de Gestión. | D9: Mapas de riesgos de todos los procesos revisados en conjunto con sus responsables | E9: No. Seguimientos realizados/No. Seguimientos programados | F9: Oficina Asesora de Planeación | G9: 45323 | H9: 45657 | I9: La Oficina Asesora de Planeación en cumplimiento de sus funciones realizó acompañamiento a las áreas en el seguimiento al cumplimiento a los controles establecidos en la Matriz de Riesgo. Se cuenta con evidencia como los correos electrónicos donde las áreas envían los correspondientes soportes de la gestión realizada en cada uno de los controles. | J9: 0.33 | K9: La Oficina Asesora de Planeación en cumplimiento de sus funciones realizó acompañamiento a las áreas en el seguimiento al cumplimiento a los controles establecidos en la Matriz de Riesgo. Se cuenta con evidencia como los correos electrónicos donde las áreas envían los correspondientes soportes de la gestión realizada en cada uno de los controles. | L9: =J9+33% -> 0.66 | M9: Se continúo con las capacitaciones y seguimiento de la Política de Gestión de Riesgos en las áreas del instituto Se cuenta con registro de asistencia como evidencia de las acciones realizadas. | N9: =(L9+24%) -> 0.9 | O9: Se continúo con las capacitaciones y seguimiento de la Política de Gestión de Riesgos en las áreas del instituto Se cuenta con registro de asistencia como evidencia de las acciones realizadas. | P9: =(N9+10%) -> 1
A10: 5. EVALUACIÓN Y CONTROL | B10: 5 | C10: Seguimiento a Mapa de Riesgo de Corrupción 2024 | D10: Seguimiento trimestral de la vigencia 2024. | E10: No. Seguimientos realizados/No. Seguimientos programados | F10: Oficna de Control Interno | G10: 45323 | H10: 45657 | I10: La Oficina de Control Interno, realizó seguimiento al primer trimestre 2024, la evidencia de esta acción es la publicación en la página web de la entidad en el link de Transparencia | J10: 0.33 | K10: La Oficina de Control Interno, realizó seguimiento al segundo trimestre de 2024, la evidencia de esta acción es la publicación en la página web de la entidad en el link de Transparencia | L10: =J10+33% -> 0.66 | M10: La Oficina de Control Interno, realizó seguimiento al tercer trimestre de 2024, | N10: =(L10+24%) -> 0.9 | O10: La Oficina de Control Interno, realizó seguimiento al cuarto trimestre de 2024 | P10: =(N10+10%) -> 1
I11: TOTAL | J11: =SUM(J6:J10)/5 -> 0.432 | L11: =AVERAGE(L6:L10) -> 0.614 | N11: =AVERAGE(N6:N10) -> 0.86 | P11: =AVERAGE(P6:P10) -> 1

Sheet RACIONALIZACION DE TRAMITES 
A2: PLAN ANTICORRUPCIÓN Y DE ATENCIÓN AL CIUDADANO 2024 - IDER
A3: 2. COMPONENTE: RACIONALIZACIÓN DE TRAMITES
A4: SUBCOMPONENTE | B4: No | C4: ACTIVIDAD | D4: META O PRODUCTO | E4: INDICADOR | F4: RESPONSABLE | G4: FECHA PROGRAMADA | I4: (ENERO-MARZO) | J4: (% AVANCE ENERO-MARZO) | K4: (ABRIL-JUNIO ) | L4: (% AVANCE ENERO-JUNIO ) | M4: (JULIO-SEPTIEMBRE) | N4: (% AVANCE ENERO-SEPTIEMBRE) | O4: (JULIO-SEPTIEMBRE) | P4: (% AVANCE ENERO-SEPTIEMBRE)
G5: FECHA INICIAL | H5: FECHA FINAL
A6: 1. IDENTIFICACIÓN DE TRÁMITES | B6: 1 | C6: Revisión y Cargue de los trámites y otros procedimientos administrativos (OPA) de la entidad en el SUIT . | D6: 100% trámites inscritos | E6: No. De Trámites inscritos/No. De trámites identificados | F6: Oficina Asesora de Pllaneación y la Oficina de Sistemas | G6: 45323 | H6: 45657 | I6: Se revisaron los 5 OPAS cargados en la Plataforma SUIT | J6: 1 | K6: Se revisaron los 5 OPAS cargados en la Plataforma SUIT | L6: =J6+0% -> 1 | M6: Se revisaron los 5 OPAS cargados en la Plataforma SUIT. | N6: =(L6+0%) -> 1 | O6: Se revisaron los 5 OPAS cargados en la Plataforma SUIT. | P6: =(N6+0%) -> 1
A7: 2. PRIORIZACIÓN DE TRÁMITES | B7: 2 | C7: Racionalizar los trámites que se requieran | D7: 100% trámites racionalizados | E7: No. Trámites racionalizados/ Total trámites identificados a racionalizar | F7: Oficina Asesora de Planeación | G7: 45323 | H7: 45657 | I7: Se encuentra en períoodo de revisión los trámites con los que cuenta la entidad con el fin de realizar la racionalización de estos. | J7: 0.1 | K7: Se encuentra en período de revisión los trámites con los que cuenta la entidad con el fin de realizar la racionalización de estos. | L7: =(J7+20%) -> 0.3 | M7: Se encuentra en período de revisión los trámites con los que cuenta la entidad con el fin de realizar la racionalización de estos. | N7: =(L7+20%) -> 0.5 | O7: Se encuentra en período de revisión los trámites con los que cuenta la entidad con el fin de realizar la racionalización de estos. | P7: =(N7+35%) -> 0.85
A8: 3. RACIONALIZACIÓN DE TRÁMITES | B8: 3 | C8: 3.1 Documentar la estrategia de Racionalización de Ttrámites | D8: Estrategia de Racionalización de Trámites aprobada | E8: Estrategia de Racionalización de Trámites aprobada | F8: Oficina Asesora de Planeación | G8: 45323 | H8: 45657 | I8: Este se realizará mediante cuatro (4) actividades: Desarrollo, Revisión, Aprobación y Publicación. En este momento se encuentra en la etapa de desarrollo | J8: 0.25 | K8: Este se realizará mediante cuatro (4) actividades: Desarrollo, Revisión, Aprobación y Publicación. En este momento se encuentra en la etapa de desarrollo. | L8: =J8+25% -> 0.5 | M8: Este se realizará mediante cuatro (4) actividades: Desarrollo, Revisión, Aprobación y Publicación. En este momento se encuentra en la etapa de revisión | N8: =(L8+25%) -> 0.75 | O8: Este se realizará mediante cuatro (4) actividades: Desarrollo, Revisión, Aprobación y Publicación. En este momento se encuentra en la etapa de revisión | P8: =(N8+25%) -> 1
C9: 3.2 Publicar en la Página web la Estrategia de Racionalización deTtrámites | D9: Publicación de la Estrategia de Ttrámites | E9: Cumplimiento en la publicación de la Estrategia de Racionalización de Trámites | F9: Oficina Asesora de Pllaneación y la Oficina de Sistemas | G9: 45323 | H9: 45657 | I9: Se espera tener lista para el tercer trimestre 2024 | J9: 0 | K9: Se espera tener lista para el tercer trimestre 2024 | L9: =J9+0% -> 0 | M9: Se esta trabajando en el documento técnico para la socialización y publicación de la Estrategia de Racionalización de Trámites | N9: =(L9+50%) -> 0.5 | O9: Se esta trabajando en el documento técnico para la socialización y publicación de la Estrategia de Racionalización de Trámites | P9: =(N9+50%) -> 1
I10: TOTAL | J10: =SUM(J6:J9)/4 -> 0.3375 | L10: =AVERAGE(L6:L9) -> 0.45 | N10: =AVERAGE(N6:N9) -> 0.6875 | P10: =AVERAGE(P6:P9) -> 0.9625

Sheet RENDICION DE CUENTAS 
A2: PLAN ANTICORRUPCIÓN Y DE ATENCIÓN AL CIUDADANO 2024-IDER
A3: 3. COMPONENTE: RENDICIÓN DE CUENTA
A4: SUBCOMPONENTE | B4: No | C4: ACTIVIDAD | D4: META O PRODUCTO | E4: INDICADOR | F4: RESPONSABLE | G4: FECHA PROGRAMADA | I4: (ENERO-MARZO) | J4: (% AVANCE ENERO-MARZO | K4: (ABRIL- JUNIO) | L4: (% AVANCE ENERO-JUNIO) | M4: (JULIO-SEPTIEMBRE) | N4: (% AVANCE JULIO -SEPTIEMBRE) | O4: (OCTUBRE-DICIEMBRE ) | P4: (% AVANCE ENERO-DICIEMBRE )
G5: FECHA INICIAL | H5: FECHA FINAL
A6: 1. Diseño de la Estrategia de Rendición de Cuentas | B6: 1.1 | C6: Uso permanente de los canales virtuales para dar a conocer la información institucional del Instituto Distrital de Deporte y Recreación-IDER | D6: Canales de comunicación actualizados | E6: Número de registros y/o actividades institucionales publicadas | F6: Oficina de Comunicaciones y Prensa | G6: 45323 | H6: 45657 | I6: El instituto cuenta con los siguientes medios para la difusión de la información : Página web de la entidad, Instagram, Facebook; las cuales se actualizan permanentemente con toda la información de la entidad, tanto información institucional y actividades realizadas en marco de la misionalidad de esta. | J6: 0.25 | K6: El instituto cuenta con los siguientes medios para la difusión de la información : Página web de la entidad, Instagram, Facebook; las cuales se actualizan permanentemente con toda la información de la entidad, tanto información institucional y actividades realizadas en marco de la misionalidad de esta. | L6: 0.5 | M6: El instituto cuenta con los siguientes medios para la difusión de la información : Página web de la entidad, Instagram, Facebook; las cuales se actualizan permanentemente con toda la información de la entidad, tanto información institucional y actividades realizadas en marco de la misionalidad de esta. | N6: =(L6+25%) -> 0.75 | O6: El instituto cuenta con los siguientes medios para la difusión de la información : Página web de la entidad, Instagram, Facebook; las cuales se actualizan permanentemente con toda la información de la entidad, tanto información institucional y actividades realizadas en marco de la misionalidad de esta. | P6: =(N6+25%) -> 1
G7: 45323 | H7: 45657
F8: Oficina de Sistema | G8: 45323 | H8: 45657
B9: 1.2 | C9: Elaborar y publicar el informe de Gestión consolidado de la entidad, para informar, explicar y dar a conocer los avances y resultados de la gestión, a las otras entidades públicas, organismos de control y a la sociedad. | D9: Informe de Gestión consolidado publicado | E9: Número de informes de gestión por dependencia | F9: Dirección de la Entidad | G9: 45323 | H9: 45657 | I9: El Informe de Gestión correspondiente al primer trimestre (100 primeros días) de 2024 , se encuentra elaborado, consolidado y en revisión , será colgado en la página web de la entidad el día lunes 15 de abril de la actual vigencia, este fue realizado con la información y registro fotograficos de las diferentes áreas. | J9: 0.25 | K9: El Informe de Gestión de enero a mayo 15 del 2024, se encuentra elaborado. consolidado y públicado en el mes de junio en la página web del instituto | L9: =25%+J9 -> 0.5 | M9: El Informe de Gestión de enero al septiembre 15 del 2024, se encuentra elaborado. consolidado y públicado en la página web del instituto . | N9: =(L9+25%) -> 0.75 | O9: El Informe de Gestión de enero a diciembre de 2024, se trabajó en esu elaboración y se publicará en el primer trimeatre del 2025. | P9: =(N9+25%) -> 1
F10: Oficina de control Interno | G10: 45323 | H10: 45657
F11: Oficina Asesora de Planeación | G11: 45323 | H11: 45657
F12: Oficina de Sistema | G12: 45323 | H12: 45657
B13: 1.3 | C13: Publicar el informe de los resultados de la ejecución del plan de acción | D13: Reporte Plan de Acción Publicado | E13: Informe Publicado | F13: Oficina Asesora de Planeación | G13: 45323 | H13: 45657 | I13: Se elaboró el seguimiento del primer trimestre del Plan de Acción, el cual será publicado en la primera semana del mes de abril de 2024. | J13: 0.25 | K13: Se elaboró el seguimiento de los meses de abril y mayo del Plan de Acción de 2024 , nos encontamos en proceso de armonizacion con el nuevo plan de desarrollo y plan de acción, | L13: 0.5 | M13: Se elaboró el seguimiento del plan de acción a corte 31 de agosto de 2024 , se encuentra publicado en el página web del IDER | N13: =((L13+25%)) -> 0.75 | O13: Se elaboró el seguimiento del Plan de Acción a corte 31 de diciembre de 2024. | P13: =(N13+25%) -> 1
F14: Oficina de Sistema | G14: 45323 | H14: 45657
B15: 1.4 | C15: Publicar lel informe del avance de la ejecución presupuestal y contable de la Entidad | D15: Informes Presupuestales y Contables Publicados | E15: Informe Publicados | F15: Dirección Administrativa y Financiera | G15: 45323 | H15: 45657 | I15: Se cuenta con los informes presupuestales y contables, los cuales se publicarán en la primera semana de abril de 2024 | J15: 0.25 | K15: Se cuenta con los informes presupuestales y contables, los cuales se publicarán en la tercera semana de julio de 2024 | L15: 0.5 | M15: Se cuenta con los informes presupuestales y contables, se encuentran publicados en la página web del instituto. | N15: =(L15+25%) -> 0.75 | O15: Se cuenta con los informes presupuestales y contables, se encuentran publicados en la página web del instituto. | P15: =(N15+25%) -> 1
F16: Oficina de Sistema | G16: 45323 | H16: 45657
B17: 1.5 | C17: Diseñar y elaborar la estrategia de Rendición de Cuentas del IDER , para que los ciudadanos conozcan la agenda del IDER en la presente vigencia. | D17: Estrategia de Rendición de Cuentas publicada en la página web del IDER | E17: Una estrategia de Rendición de Cuentas publicada en la página web del IDER | F17: Dirección de la entidad | G17: 45323 | H17: 45657 | I17: La Rendición de Cuentas de la vigencia 2023, se realizó en el 13 de diciembre de 2023. la Rendición de Cuentas del 2024 se llevará a cabo antes de finalizar esta vigencia. | J17: 0 | K17: Se elaboró documento para la Estrategia de Rendición de Cuentas 2024, el cual será socializado en el Comité de Gestion y Desempeño antes de terminar el tercer trimestre de | L17: 0.15 | M17: Se realizó el link de Rendición de Cuentas Año 2024 : Resolución y cronograma , se cuenta con la estrategia comunicacional . En el mes de noviembre se colocara el Informe de Gestión año 2024. | N17: =(L17+35%) -> 0.5 | O17: Se realizó el link de Rendición de Cuentas Año 2024 : Resolución y cronograma , se cuenta con la estrategia comunicacional . En el mes de noviembre se público el Informe de Gestión año 2024. Se cambio la fecha de realización de la Audiencia Pública de Rendición de Cuentas del IDER y se llevará a cabo en fecha posterior a la de la Alcaldía Mayor de Cartagena de Indias. | P17: =(N17+35%) -> 0.85
F18: Oficna Asesora de Planeación | G18: 45323 | H18: 45657
F19: Oficina de Comunicaciones y Prensa | G19: 45323 | H19: 45657
F20: Oficina de Sistemas | G20: 45323 | H20: 45657
A21: 2.DISEÑO Y PREPARACIÓN | B21: 2.1 | C21: Conformar y capacitar un equipo lider encargado de realizar los ejercicios de rendición de cuentas al interior de la entidad. | D21: Equipo lider conformado y capacitado | E21: Numero de personas que conformaran el equipo | F21: Dirección de la entidad | G21: 45323 | H21: 45657 | I21: Se conformará y se capacitará al equipo lider antes de finalizar el segundo semestre del 2024 | J21: 0 | K21: Se conformará y se capacitará al equipo lider antes de finalizar el tercer trimestre del 2024 | L21: 0 | M21: Se realizó Comité Institucional de Gestión y Desempeño-CIGD, donde se socializó y aprobó la estrategia de RENDICIÓN DE CUENTAS 2024, cronograma y responsables. | N21: =(J21+L21+100%) -> 1 | O21: Se realizó Comité Institucional de Gestión y Desempeño-CIGD, donde se socializó y aprobó la estrategia de RENDICIÓN DE CUENTAS 2024, cronograma y responsables. En este comité se explicó de manera general el proceso de Rendición de Cuentas. | P21: 1
F22: Oficna Asesora de Planeación | G22: 45323 | H22: 45657
F23: Oficina de Comunicaciones y Prensa | G23: 45323 | H23: 45657
F24: Oficina de Sistemas | G24: 45323 | H24: 45657
B25: 2.2 | C25: Realizar un encuentro con los funcionarios, contratistas del IDER para dialogar sobre los avances y resultado de la gestión e investigar sobre los temas que deben ser objeto de rendición de cuentas. | D25: Encuentro con funcionarios y contratistas (Modalidad presencial y/o virtual) | E25: Numero de participantes en el encuentro | F25: Oficina Asesora de Planeación | G25: 45323 | H25: 45657 | I25: El encuentro de los funcionarios y contratistas se realizará antes de finalizar el segundo trimestre del 2024 | J25: 0 | K25: El encuentro de los funcionarios y contratistas se realizará antes de finalizar el tercer trimestre del 2024 | L25: 0 | M25: Se cuenta con estrategia de comunicacional para la Rendición de Cuentas Año 2024 , se realizará entre el 12 de noviembre al 12 de diciembre de 2024 , el encuetro de los funcionarios y contratistas sobre los resultados de la gestión realizada en esta anualidad. | N25: =(J25+L25+50%) -> 0.5 | O25: Se cuenta con estrategia de comunicacional y en espera de la nueva fecha de la Audiencia pública de rendición de Cuentas año 2024. | P25: =(N25+20%) -> 0.7
F26: Oficina de Comunicaciones y Prensa | G26: 45323 | H26: 45657
F27: Oficina de Sistema | G27: 45323 | H27: 45657
B28: 2.3 | C28: Realizar un encuentro con los Grupos de valor e interés del IDER para dialogar sobre los avances y resultado de la gestión e investigar sobre los temas que deben ser objeto de rendición de cuentas. | D28: Encuentro con Grupos de Valor e interes. (Modalidad presencial y/o virtual) | E28: Numero de participantes en el encuentro | F28: Oficina Asesora de Planeación | G28: 45323 | H28: 45657 | I28: El encuentro con los Grupos de Valor e Interés se llevará a cabo antes de finalizar el segundo trimestre del 2024. | J28: 0 | K28: El encuentro con los Grupos de Valor e Interés se llevará a cabo antes de finalizar el tercer trimestre del 2024. | L28: 0 | M28: Se preparó y organizó el encuentro con los Grupos de Valor e Interés se llevará a cabo antes del 4 de diciembre de 2024 | N28: =(J28+L28+50%) -> 0.5 | O28: Se reprogramó el encuentros de los Grupos de Valor y/o Interés para el mes de febrero de 2025. | P28: =N28 -> 0.5
F29: Oficina de Comunicaciones | G29: 45323 | H29: 45657
F30: Oficina de Sistema | G30: 45323 | H30: 45657
A31: 3. EJECUCIÓN | B31: 3.1 | C31: Realizar campañas de sensibilización en materia de rendición de cuentas y participación ciudadanía a los servidores y contratistas del Instituto | D31: Campañas de sensibilización realizadas | E31: 2 campaña de sensibilización realizada | F31: Oficina de Comunicaciones y Prensa | G31: 45323 | H31: 45657 | I31: Se realizará en cada semestre de la vigencia 2024 , la primera se llevará a cabo antes de finalizar el mes de junio | J31: 0 | K31: Se realizará en cada semestre de la vigencia 2024 , la primera se llevará a cabo antes de finalizar el mes de octubre de 2024 | L31: 0 | M31: Se cuenta con la Estrategia de Comunicaciones y Prensa de la Rendición de Cuentas Año 2024 , se viene realizando a través de los medios de comunicaciones , página web y redes sociales se informa a la ciudadania las actividades de los diferentes programas que el IDER desarrolla al interior de las comunidades. | N31: =(J31+L31+65%) -> 0.65 | O31: Se cuenta con la Estrategia de Comunicaciones y Prensa de la Rendición de Cuentas Año 2024 , se viene realizando a través de los medios de comunicaciones , página web y redes sociales se informa a la ciudadania las actividades de los diferentes programas que el IDER desarrolla al interior de las comunidades. | P31: =(N31+30%) -> 0.95
B32: 3.2 | C32: Realizar campañas de sensibilización en materia de rendición de cuentas y participación ciudadanía a usuarios y grupos de interés | D32: Campañas de sensibilización realizadas | E32: Dos (2) de campañas de sensibilizaciones realizadas | F32: Oficina de Comunicaciones y Prensa | G32: 45323 | H32: 45657 | I32: Las campañas se realizarán : Una en el mes de junio y la egundo en el mes de noviembre de 2024. | K32: Las campañas se realizarán : Una en el mes de octubre y la segunda en el mes de noviembre de 2024.
D33: Video Institucional divulgado a través de los canales de información del Instituto | E33: U (1) Video Institucional divulgado a través de los canales de comunicación del IDER | G33: 45323 | H33: 45657 | I33: Este video se lleva a cabo 15 días antes a la Audiencia Pública de Rendición de Cuentas 2024 | K33: Este video se lleva a cabo 15 días antes a la Audiencia Pública de Rendición de Cuentas 2024
B34: 3.3 | C34: Realizar la Audiencia Pública de Rendición del IDER. | D34: Documento Informe de Rendición de cuentas de la Entidad. | E34: Audiencia Pública de Rendición de Cuentas | F34: Dirección de la Entidad | G34: 45323 | H34: 45657 | I34: La Rendición de Cuentas de la vigencia 2023, se realizó en el 13 de diciembre de 2023. la Rendición de Cuentas del 2024 se llevará a cabo antes de finalizar esta vigencia. | J34: 0 | K34: La Rendición de Cuentas de la vigencia 2023, se realizó en el 13 de diciembre de 2023. la Rendición de Cuentas del 2024 se llevará a cabo antes de finalizar esta vigencia. | L34: 0 | M34: En la página web del IDER, se encuentra públicado el Informe de Gestión a 15 de septiembre de 2024. | N34: =(J34+L34+100%) -> 1 | O34: En la página web del IDER, se encuentra públicado el Informe de Gestión de 2024. | P34: =(N34) -> 1
F35: Oficina de Comunicaciones y Prensa | G35: 45323 | H35: 45657
F36: Oficina Asesora de Planeación | G36: 45323 | H36: 45657
A37: 4. SEGUIMIENTO | B37: 4.1 | C37: Realizar seguimiento a las acciones adelantadas en la Rendición de Cuentas de la vigencia, dentro del seguimiento al Plan de Anticorrupción y Atención al Ciudadano, a través de las tres líneas de Defensa. | D37: Informe de evaluación de las acciones realizadas en la estrategia de rendición de cuentas. | E37: Número de informes de evaluación elaborados | F37: Dirección de la Entidad | G37: 45323 | H37: 45657 | I37: La Rendición de Cuentas de la vigencia 2023, se realizó en el 13 de diciembre de 2023. la Rendición de Cuentas del 2024 se llevará a cabo antes de finalizar esta vigencia. | J37: 0 | K37: La Rendición de Cuentas de la vigencia 2023, se realizó en el 13 de diciembre de 2023. la Rendición de Cuentas del 2024 se llevará a cabo antes de finalizar esta vigencia. | L37: 0 | M37: Se llevará a cabo porteriormente a la Audiencia de Rendición de Cuentas , el día 13 de diciembre de 2024 , El Informe de Evaluación de las acciones realizadas en la estrategia de rendición de cuentas. | N37: 0 | O37: El informe de de Evaluación de las acciones realizadas en la estrategia de rendición de cuentas, se realizará posteriormente después de establecida la nueva fecha y posterior a este proceso. | P37: 0
F38: Oficina de Control Interno | G38: 45323 | H38: 45657
F39: Oficina Asesora de Planeación | G39: 45323 | H39: 45657
I40: TOTAL | J40: =+AVERAGE(J6:J39) -> 0.090909091 | K40: TOTAL | L40: =+AVERAGE(L6:L39) -> 0.19545455 | N40: =AVERAGE(N6:N39) -> 0.65 | P40: =AVERAGE(P6:P39) -> 0.81818182

Sheet MECANISMOS PARA MEJORAR LA ATEN
A2: PLAN ANTICORRUPCIÓN Y DE ATENCIÓN AL CIUDADANO 2024 -IDER
A3: 4. COMPONENTE: MECANISMOS PARA MEJORAR LA ATENCIÓN AL CIUDADANO.
A4: SUBCOMPONENTE | B4: No | C4: ACTIVIDAD | D4: META O PRODUCTO | E4: INDICADOR | F4: RESPONSABLE | G4: FECHA PROGRAMADA | I4: (ENERO-MARZO) | J4: (% AVANCE ENERO-MARZO) | K4: (ABRIL-JUNIO) | L4: (% AVANCE ENERO-JUNIO) | M4: ( JULIO-SEPTIEMBRE) | N4: (% AVANCE ENERO-SEPTIEMBRE) | O4: ( OCTUBRE-DICIEMBRE) | P4: (% AVANCE ENERO-DICIEMBRE)
G5: FECHA INICIAL | H5: FECHA FINAL
A6: 1. Talento Humano | B6: 1.1 | C6: Socializar en medios institucionales, canales de comunicación y/o redes sociales la información de interés a los Ciudadanos. | D6: 4 Socializaciones | E6: No. socializaciones realizadas/ No. socializaciones programadas | F6: Oficina de comunicaciones y prensa y sistemas | G6: 45323 | H6: 45657 | I6: El instituto cuenta con los siguientes medios para la difusión de la información : Página web de la entidad, Instagram, Facebook; las cuales se actualizan permanentemente con toda la información de la entidad, tanto información institucional y demás actividades que coadyugamos en cojunto con la Alcladía Mayor de Cartagena de Indias. | J6: 0.25 | K6: El instituto cuenta con los siguientes medios para la difusión de la información : Página web de la entidad, Instagram, Facebook; las cuales se actualizan permanentemente con toda la información de la entidad, tanto información institucional y demás actividades que coadyugamos en conjunto con la Alcladía Mayor de Cartagena de Indias. | L6: =J6+25% -> 0.5 | M6: El instituto cuenta con los siguientes medios para la difusión de la información : Página web de la entidad, Instagram, Facebook; las cuales se actualizan permanentemente con toda la información de la entidad, tanto información institucional y demás actividades que coadyugamos en conjunto con la Alcaldía Mayor de Cartagena de Indias. | N6: =(L6+J6) -> 0.75 | O6: El instituto cuenta con los siguientes medios para la difusión de la información : Página web de la entidad, Instagram, Facebook; las cuales se actualizan permanentemente con toda la información de la entidad, tanto información institucional y demás actividades que coadyugamos en conjunto con la Alcaldía Mayor de Cartagena de Indias. | P6: =(N6+25%) -> 1
B7: 1.2 | C7: Realizar capacitaciones temáticas relacionadas con el mejoramiento al servicio al ciudadano | D7: 2 Capacitaciones en mejoramiento al servicio al ciudadano | E7: No.capacitaciones realizadas/ No. capacitaciones programadas | F7: Oficina del Talento Humano | G7: 45323 | H7: 45657 | I7: Las capacitaciones en temáticas relacionadas con el mejoramiento al servicio al ciudadano, se realizarán en el segundo trimestre, en este trimestre se diseño el plan y las actividades a ejecutar. | J7: 0.1 | K7: Se realizó capacitación por parte del área de Talento Humano en el Complejo de Raquetas, se cuenta con registro de asistencia y fotográfico | L7: =J7+40% -> 0.5 | M7: Se realizó capacitación por parte del área de Talento Humano, se cuenta con listado de asistencia, se llevo a cabo de manera virtual. | N7: =(L7+50%) -> 1 | O7: Se realizó capacitación por parte del área de Talento Humano, se cuenta con listado de asistencia, se llevo a cabo de manera virtual. | P7: =N7 -> 1
B8: 1.3 | C8: Realizar capacitaciones de la ley 1712 de 2014.El objeto de la presente ley es regular el derecho de acceso a la información pública, los procedimientos para el ejercicio y garantía del derecho y las excepciones a la publicidad de información. | D8: 1 Capacitación | E8: No.capacitaciones realizadas/ No. capacitaciones programadas | F8: Oficina Asesora Júridica | G8: 45323 | H8: 45657 | I8: Se estructuró y organizó, las capacitaciones ha desarrollar por la Oficina Asesora Jurídica en la vigencia de 2023, se espera realizar esta capacitación sobre esta norma en el mes de junio de 2024 | J8: 0.1 | K8: Se realizo capacitación por parte del área de talento humano con el apoyo de la Oficina Asesora Jurídica de la entidad en el Complejo de Raquetas, se cuenta con registro de asistencia y fotográfico. | L8: =J8+90% -> 1 | M8: Se realizó capacitación por parte del área de talento humano con el apoyo de la Oficina Asesora Jurídica de la entidad en el Complejo de Raquetas, se cuenta con listado de asistencia y registro fotográfico. | N8: =(L8+0%) -> 1 | O8: Se realizó capacitación por parte del área de talento humano con el apoyo de la Oficina Asesora Jurídica de la entidad en el Complejo de Raquetas, se cuenta con listado de asistencia y registro fotográfico. | P8: =(N8+0%) -> 1
A9: 2. Fortalecimiento | B9: 2.1 | C9: Socializar el Código de Integridad con nuestros grupos de interés o de valor para fortalecer los valores en los servidores públicos | D9: 2 Capacitaciones | E9: No.capacitaciones realizadas/ No. capacitaciones programadas | F9: Oficina del Talento Humano | G9: 45323 | H9: 45657 | I9: Las socializaciones de los valores que hacen parte del Código de Integridad, se realizarán a finales del mes de mayo de 2024 posterior a la reunión del Comité de Integridad del instituto | J9: 0 | K9: Las socializaciones de los valores que hacen parte del Código de Integridad, se realizarán a finales del mes de agosto de 2024 posterior a la reunión del Comité de Integridad del instituto. | L9: =J9+0% -> 0 | M9: Se dio inicio a la Feria de Valores del Código de Integridad a cargo de las diferentes dependencias, esta feria finalizará en el mes de noviembre del año 2024 | N9: =(L9+100%) -> 1 | O9: Se realizó la Feria de Valores , donde cada dependecia hizo uso de diferentes mecanismos y dinámicas para el afianzamiento de cada uno de ellos. | P9: =(N9+0%) -> 1
B10: 2.2 | C10: Presentar informe de PQRSD a la Dirección del IDER y publicar en la página web del IDER | D10: 4 Informes | E10: Informes trimestrales presentados | F10: Oficina Asesora Júridica | G10: 45323 | H10: 45657 | I10: Se elaboró el informe del primer trimestre 2024, el cual será publicado en la página web del IDER, la primera semana del mes de abril | J10: 0.25 | K10: Se encuentra publicado en la página web de la entidad el formulario de PQRS y se cuenta con un correo institucional para recibir las solicitudes de la ciudadanía, este seguimiento fue elaborado y publicado a 30 de junio de 2024 | L10: =J10+25% -> 0.5 | M10: Se encuentra publicado en la página web de la entidad el formulario de PQRS y se cuenta con un correo institucional para recibir las solicitudes de la ciudadanía, este seguimiento fue elaborado y publicado a 30 de septiembre de 2024. | N10: =(L10+25%) -> 0.75 | O10: Se encuentra publicado en la página web de la entidad el formulario de PQRS y se cuenta con un correo institucional para recibir las solicitudes de la ciudadanía, este seguimiento fue elaborado y publicará en el mes de enero de 2025 2024. | P10: =(N10+25%) -> 1
B11: 2.3 | C11: Divulgar a través de los canales de comunicación del IDER los trámites de la entidad | D11: Informe realizado | E11: 1 informe realizado | F11: Oficina de comunicaciones y prensa y sistemas | G11: 45323 | H11: 45657 | I11: Se verifico que en la página web de la entidad se encuentran publicados los trámites de la entidad. | J11: 0.25 | K11: Se verificó que en la página web de la entidad se encuentran publicados los trámites de la entidad. | L11: =J11+25% -> 0.5 | M11: Se verificó que en la página web de la entidad se encuentran publicados los trámites de la entidad. | N11: =(L11+25%) -> 0.75 | O11: Se verificó que en la página web de la entidad se encuentran publicados los trámites de la entidad. | P11: =(N11+25%) -> 1
A14: 3. Normatividad | B14: 3.1 | C14: Publicar la Política de Servicio al Ciudadano y el Protocolo de Atención al Ciudadano. | D14: Informe realizado | E14: 1 informe realizado | F14: Oficina de comunicaciones y prensa y sistemas | G14: 45323 | H14: 45657 | I14: Esta política será desarrollada en el segudo trimestre del año 2024 | J14: 0 | K14: Esta política será desarrollada en el antes de finalizar el cuarto trimestre del año 2024 | L14: =J14+0% -> 0 | M14: Esta política será desarrollada en el antes de finalizar el cuarto trimestre del año 2024. | N14: =L14+0% -> 0 | O14: La politica se encuentra aprobada | P14: =100% -> 1
A17: 4. Relacionamiento | B17: 4.1 | C17: Socializaciòn a los diferentes grupos de interès o de valor del proceso de atenciòn al ciudadano como los horarios, trámites y servicios | D17: Socialización realizada | E17: Una (1) Socialización realizada | F17: Oficina del Talento Humano | G17: 45323 | H17: 45657 | I17: Se encuentran en nuestra página web descritos los procesos de atención al ciudadano como los horarios, trámites y servicios que desde el instituto se oferta a la comunidad del distrito de Cartagena de Indias asi como también contamos con diferentes correos electrónicos para atender a la ciudadanía. | J17: 0.25 | K17: Se encuentran en nuestra página web descritos los procesos de atención al ciudadano como los horarios, trámites y servicios que desde el instituto se oferta a la comunidad del distrito de Cartagena de Indias así como también contamos con diferentes correos electrónicos para atender a la ciudadanía. | L17: =J17+25% -> 0.5 | M17: Se encuentran en nuestra página web descritos los procesos de atención al ciudadano como los horarios, trámites y servicios que desde el instituto se oferta a la comunidad del distrito de Cartagena de Indias así como también contamos con diferentes correos electrónicos para atender a la ciudadanía. Esta es una actividad constante. | N17: =(L17+25%) -> 0.75 | O17: Se encuentran en nuestra página web descritos los procesos de atención al ciudadano como los horarios, trámites y servicios que desde el instituto se oferta a la comunidad del distrito de Cartagena de Indias así como también contamos con diferentes correos electrónicos para atender a la ciudadanía. Esta es una actividad constante. | P17: =(N17+25%) -> 1
I18: TOTAL | J18: =+AVERAGE(J6:J17) -> 0.15 | K18: TOTAL | L18: =+AVERAGE(L6:L17) -> 0.4375 | N18: =AVERAGE(N6:N17) -> 0.75 | P18: =AVERAGE(P6:P17) -> 1

Sheet TRANSPARENCIA Y ACCESO A LA INF
A2: PLAN ANTICORRUPCIÓN Y DE ATENCIÓN AL CIUDADANO 2024 -IDER
A3: 5. COMPONENTE TRANSPARENCIA Y ACCESO A LA INFORMACIÓN PÚBLICA
A4: SUBCOMPONENTE | B4: No | C4: ACTIVIDAD | D4: META O PRODUCTO | E4: INDICADOR | F4: RESPONSABLE | G4: FECHA PROGRAMADA | I4: (ENERO-MARZO) | J4: (% AVANCE ENERO-MARZO) | K4: (ABRIL-JUNIO) | L4: (% AVANCE ENERO-JUNIO) | M4: (JULIO-SEPTIEMBRE) | N4: (% AVANCE ENERO-SEPTIEMBRE) | O4: (OCTUBRE - DICIEMBRE) | P4: (% AVANCE ENERO-DICIEMBRE )
G5: FECHA INICIAL | H5: FECHA FINAL
A6: 1. Transparencia Activa. | B6: 1 | C6: Verificación de la información institucional publicada en la página web a través de la página de la entidad de acuerdo a los parámetros establecidos por la ley 1712 de 2014, ( la Ley de Transparencia y del Derecho de Acceso a la Información Pública) | D6: 4 revisiones | E6: No. De revisiones realizadas/ No. De revisiones programadas | F6: Oficina de sistemas | G6: 45323 | H6: 45657 | I6: Se publicaron en la página web del IDER, los informes de segumiento de la Ley de Transparencia a corte 31 de diciembre 2023 en el mes de enero de 2024, de igual manera se realizaron a 31 de enero de la actual vigencia las publicaciones correspondientes a los 12 planes institucionales del Decreto No. 612 del 2018, los cuales fueron aprobados en el primer Comité Institucional de Gestión y Desempeño del 26 de enero de 2024. En la primera semana de abril , se publicará en la página web del instituto el segumiento al primer trimestre de la vigencia 2024. | J6: 0.25 | K6: Se publicaron en la página web del IDER, los informes de segumiento de la Ley de Transparencia a corte 31 de marzo 2024, se publicaron el seguimiento al primer trimestre de la vigencia 2024 de los 12 planes contempladoes en el Decreto No. 612 de 2018 | L6: =J6+25% -> 0.5 | M6: Se publicaron en la página web del IDER, los informes de seguimiento de la Ley de Transparencia a corte 30 de septirmbre 2024. | N6: =(L6+25%) -> 0.75 | O6: Se elaboraron los informes de seguimiento de la Ley de Transparencia a corte 31 de diciembre de 2024. y se publicarán en la página web del IDER en el mes de enero de 2025. | P6: =(N6+25%) -> 1
A7: 2. Transparencia Pasiva. | B7: 2.1 | C7: Publicar y socializar el formulario en línea de PQRSD en el página web del IDER | D7: formulario en línea de PQRS publicado en página web y socializado (2) | E7: No. De socializaciones realizadas/ No. De socializaciones programadas | F7: Oficina Asesora Jurídica | G7: 45323 | H7: 45657 | I7: Se encuentra publicado en la página web de la entidad el formulario de PQRS y se cuenta con un correo institucional para recibir las solicitudes de la ciudadanía, este seguimiento fue elaborado y se publicará la primera semana de abril de 2024. | J7: 0.25 | K7: Se encuentra publicado en la página web de la entidad el formulario de PQRS y se cuenta con un correo institucional para recibir las solicitudes de la ciudadanía, este seguimiento fue elaborado y publicado a 30 de junio de 2024 | L7: =J7+25% -> 0.5 | M7: Se encuentra publicado en la página web de la entidad el formulario de PQRS y se cuenta con un correo institucional para recibir las solicitudes de la ciudadanía, este seguimiento fue elaborado y publicado a 30 de septiembre de 2024 | N7: =(L7+25%) -> 0.75 | O7: Se encuentra publicado en la página web de la entidad el formulario de PQRS y se cuenta con un correo institucional para recibir las solicitudes de la ciudadanía, este seguimiento fue elaborado del cuarto trimestre y se publicará en el mes de enero de 2025 | P7: =(N7+25%) -> 1
B8: 2.2 | C8: Socializar el procedimiento de PQRS del IDER | D8: Socialización realizada ( 2) | E8: No. De socializaciones realizadas/ No. De socializaciones programadas | F8: Oficina Asesora Jurídica | G8: 45323 | H8: 45657 | I8: Se socializará en el segundo trimestre de 2024 | J8: 0 | K8: Se socializará en el tercer trimestre de 2024. | L8: =J8+0% -> 0 | M8: Se socializará en el cuarto trimestre de 2024. | N8: 0 | O8: La Oficina Asesora Jurídica , realizó capacitación interna con los contratistas responsables de este proceso y realizo procesos de organización para la realización de otra para que salga a través de video por nuestras redes sociales. | P8: =(N8+60%) -> 0.6
B9: 2.3 | C9: Socializar a través de las redes sociales y la página Web del IDER la oferta institucional. | D9: Socliacizaciones realizadas ( 2) | E9: No. De socializaciones realizadas/ No de socializacionesprogramadas | F9: Dirección Administrativa y Financiera, Oficina de Recreación y Oficina de Deportes | G9: 45323 | H9: 45657 | I9: Se encuentra publicada en la página web de la entidad la oferta institucional de la entidad, se realiza permanentemente seguimiento y actualizaciones a estas publicaciones. | J9: 0.5 | K9: Se encuentra publicada en la página web de la entidad la oferta institucional de la entidad, se realiza permanentemente seguimiento y actualizaciones a estas publicaciones. | L9: =J9+50% -> 1 | M9: Se encuentra publicada en la página web de la entidad la oferta institucional de la entidad, se realiza permanentemente seguimiento y actualizaciones a estas publicaciones. | N9: =(L9+0%) -> 1 | O9: Se encuentra publicada en la página web de la entidad la oferta institucional de la entidad, se realiza permanentemente seguimiento y actualizaciones a estas publicaciones. | P9: =(N9+0%) -> 1
A10: 3. Instrumentos de Gestión de la Información | B10: 3.1 | C10: Gestionar el procesos de convalidación de las Tablas de Retención Documental | D10: Tablas de Retención Documental Convalidadas | E10: Tablas de Retención Documental | F10: Dirección Administrativa y Financiera (Oficina de Archivo ) | G10: 45323 | H10: 45657 | I10: Se realizará en el segundo trimestre del año 2024 | J10: 0 | K10: Para este trimestre se realizó análisis de necesidades y especificaciones técnicas para avanzar en la gestión en los procesos de convalidación de las Tablas Retención Documental – TRD del Instituto. | L10: =J10+15% -> 0.15 | M10: Para este trimestre, se avanzó en la gestión y seguimiento de la convalidación de las Tablas de Retención Documental – TRD del Instituto Distrital de Deportes y Recreación - IDER. | N10: =(L10+30%) -> 0.45 | O10: Para este trimestre, se avanzó en la gestión y seguimiento de la convalidación de las Tablas de Retención Documental – TRD del Instituto Distrital de Deportes y Recreación - IDER. | P10: =(N10+35%) -> 0.8
B11: 3.2 | C11: Realizar capacitaciones sobre las herramientas archivísticas implementadas en la entidad a los funcionarios del IDER | D11: Dos (2) capacitaciones sobre herramientas archivísticas a los funcionarios del Instituto Distital de Deporte y Recreación-IDER | E11: No.Capacitaciones Realizadas/ No. capacitaciones Progrmadas | F11: Dirección Administrativa y Financiera (Oficina de Archivo ) | G11: 45323 | H11: 45657 | I11: Teniendo en cuenta que para este trimestre no se ejecutó el programa de capacitación en los fundamentos de archivo y gestión documental, se realizará en el segundo trimestre del año 2024 | J11: 0 | K11: Para este trimestre, se realizó capacitación en fundamentación y buenas prácticas de archivo y gestión documental, dirigida a todo el personal de la Oficina de Archivo y Gestión Documental del IDER, con el fin de mejorar la aplicación de buenas prácticas archivísticas y brindar asistencia técnica al interior del Instituto. | L11: =J11+40% -> 0.4 | M11: Durante este periodo, se avanzó en la ejecución del Plan de Capacitación Institucional en Gestión Documental, brindando asistencia técnica y capacitación a cuatro oficinas productoras del Instituto. Además, se preparó material de capacitación sobre archivos electrónicos para todo el Instituto Distrital de Deportes y Recreación - IDER. | N11: =(L11+20%) -> 0.6 | O11: Durante este periodo, se avanzó en la ejecución del Plan de Capacitación Institucional en Gestión Documental, brindando asistencia técnica y capacitación a cuatro oficinas productoras del Instituto. Además, se preparó material de capacitación sobre archivos electrónicos para todo el Instituto Distrital de Deportes y Recreación - IDER. | P11: =(N11+20%) -> 0.8
A12: 4. Criterio diferencial de accesibilidad | B12: 4.1 | C12: Desarrollar y aplicar en los contenidos publicados en la página web institucional los lineamientos de accesibilidad. (Resolución 1519 de 2021, anexo 1 Accesibilidad web). | D12: Procedimiento para la implementación de los criterios diferenciales de accesibilidad. | E12: Procedimiento aprobado | F12: Oficina de Sistemas- Oficna Asesora de Planeación | G12: 45323 | H12: 45657 | I12: La página web institucional cuenta con un botón de accesibilidad web en el home, que aplica los criterios de la resolución 1519 de 2021. | J12: 1 | K12: La página web institucional cuenta con un botón de accesibilidad web en el home, que aplica los criterios de la Resolución No. 1519 de 2021. | L12: =(J12+0%) -> 1 | M12: La página web institucional cuenta con un botón de accesibilidad web en el home, que aplica los criterios de la Resolución No. 1519 de 2021. | N12: =(L12+0%) -> 1 | O12: La página web institucional cuenta con un botón de accesibilidad web en el home, que aplica los criterios de la Resolución No. 1519 de 2021. | P12: =(N12+0%) -> 1
A13: 5. Monitoreo del Acceso a la Información Pública | B13: 5.1 | C13: Seguimiento al diligenciamiento de la información del índice de Transparencia y Acceso a la información ITA | D13: Reporte anual de información en (ITA), Índice de Transparencia y Acceso a la información. | E13: Reporte de Cumplimiento | F13: Oficina de Sistemas- Oficna Asesora de Planeación | G13: 45323 | H13: 45657 | I13: El reporte de ITA,se ejecuta en el mes de agosto de 2024, en el año 2023 se obtuvo un nivel de cumplimiento 100 de 100. | J13: 0 | K13: El reporte de ITA,se ejecuta en el mes de agosto de 2024, en el año 2023 se obtuvo un nivel de cumplimiento 100 de 100 en este momento se encuentra en etapa de diligenciamiento | L13: =J13+50% -> 0.5 | M13: Se realizó reporte ITA vigencia 2024 | N13: =(L13+50%) -> 1 | O13: Se realizó reporte ITA vigencia 2024 | P13: 1
I14: TOTAL | J14: =+AVERAGE(J6:J13) -> 0.25 | K14: TOTAL | L14: =+AVERAGE(L6:L13) -> 0.50625 | N14: =AVERAGE(N6:N13) -> 0.69375 | P14: =AVERAGE(P6:P13) -> 0.9

Sheet INICIATIVAS ADICIONALES
A2: PLAN ANTICORRUPCIÓN Y DE ATENCIÓN AL CIUDADANO 2024 -IDER
A3: 6. COMPONENTE: INICIATIVAS ADICIONALES
A4: No | B4: ACTIVIDAD | C4: META O PRODUCTO | D4: INDICADOR | E4: RESPONSABLE | F4: FECHA PROGRAMADA | H4: (ENERO-MARZO) | I4: (% AVANCE ENERO-MARZO) | J4: (ABRIL-JUNIO) | K4: (% AVANCE ENERO- JUNIO) | L4: (JULIO-SEPTIEMBRE) | M4: (% AVANCE ENERO-SEPTIEMBRE) | N4: (octubre -diciembre) | O4: (% AVANCE ENERO-DICIEMBRE)
F5: FECHA INICIAL | G5: FECHA FINAL
A6: 1 | B6: Socialización del Manual de Procesos y Procedimientos del IDER | C6: Manual de Procesos y Procedimientos del IDER Socializado ( dos socializaciones ) | D6: No. De socializaciones realizadas/ No. De socializaciones programadas | E6: Oficina del Talento Humano Y Oficina Asesora de Planeación | F6: 45323 | G6: 45657 | H6: Se realizo capacitación de la política de gestión de riesgos en las áreas de: Recreación, deportes y dirección administrativa y financiera. Se cuenta con registro de asistencia como evidencia de las acciones realizadas | I6: 0.25 | J6: Se realizó capacitación de la Política de Gestión de Riesgos en las áreas de: contabilidad, oficina de espectáculos públicos, presupuesto, planeación Se cuenta con registro de asistencia como evidencia de las acciones realizadas | K6: =I6+25% -> 0.5 | L6: Se continúo con el proceso de seguimiento a los riesgos y socializacion de la politica, se cuenta con actas de reunion como evidencia. Se espera entregar antes que termine la vigencia del 2024 la versión 4.0 del Manual de Procesos y Procedimientos del IDER | M6: =(K6+25%) -> 0.75 | N6: Se envio informe de seguimiento seguimiento a los riesgos a la Oficina de Control Interno. Se entrego la versión 4.0 del Manual de Procesos y Procedimientos del IDER | O6: =(M6+25%) -> 1
A7: 2 | B7: Implementar Programa de Transparencia y Ética Pública con el fin de promover la cultura de la legalidad e identificar, medir, controlar y monitorear constantemente el riesgo de corrupción en el desarrollo de su misionalidad | C7: Programa documentado | D7: Programa documentado | E7: Oficina Asesora de Planeación y Oficina Asesora Jurídica | F7: 45323 | G7: 45657 | H7: Para la implementación del Programa de Transparencia y Ética Pública, se dividio la actividad en tres pasos: documentación, revisión y socialización. En este momento se encuentra en la etapa de documentación. Se cuenta como evidencia el borrador del documento realizado. | I7: 0.33 | J7: Para la implementación del Programa de Transparencia y Ética Pública, se dividio la actividad en tres pasos: documentación, revisión y socialización. En este momento se encuentra en la etapa de documentación. Se cuenta como evidencia el borrador del documento realizado. | K7: =I7+0% -> 0.33 | L7: Para la implementación del Programa de Transparencia y Ética Pública, se dividio la actividad en tres pasos: documentación, revisión y socialización. En este momento se encuentra en la etapa de documentación. El documento se colocará para el Plan Anticorrupcción y Atención al ciudadano del año 2025. | M7: =(K7+10%) -> 0.43 | N7: Se presentó y aprobó la Versión 1.0 en el Comité de Gestión y Desempeño, realizado en el mes de diciembre de 2025. | O7: =(M7+57%) -> 1
A8: 3 | B8: Actualizacion del Mapa de Riesgos por Procesos. | C8: Mapa de Riesgo por Procesos actualizado (Se realizarán mesas de trabajo con cada lider de proceso ) | D8: No. De mesas de realizadas/ No. De mesas programadas | E8: OficIna Asesora de Planeación | F8: 45323 | G8: 45657 | H8: Se inició la etapa de capacitación a cada uno de los lideres de procesos de la política de gestión de riesgos y el mapa de riesgos institucional con el fin de poder realizar los respectivos ajustes. Se cuenta con registros de asistencia y registro fotográfico como evidencia de estas actividades. | I8: 0.33 | J8: Se inició la etapa de capacitación a cada uno de los lideres de procesos de la Política de Gestión de RIesgos y el Mapa de Riesgos Institucional con el fin de poder realizar los respectivos ajustes. Se cuenta con registros de asistencia y registro fotográfico como evidencia de estas actividades. | K8: =I8+17% -> 0.5 | L8: Se continúo capacitación a cada uno de los lideres de procesos de la Política de Gestión de Riesgos y el Mapa de Riesgos Institucional, con el fin de poder realizar los respectivos ajustes. Se cuenta con registros de asistencia y registro fotográfico como evidencia de estas actividades. | M8: 0.75 | N8: Se continúo capacitación a cada uno de los lideres de procesos de la Política de Gestión de Riesgos y el Mapa de Riesgos Institucional, con el fin de poder realizar los respectivos ajustes. Se cuenta con registros de asistencia y registro fotográfico como evidencia de estas actividades. | O8: 1
H9: TOTAL | I9: =+AVERAGE(I6:I8) -> 0.30333333 | K9: =AVERAGE(K6:K8) -> 0.44333333 | M9: =AVERAGE(M6:M8) -> 0.64333333 | O9: =AVERAGE(O6:O8) -> 1
